Workbook
Name Agency_type: [1]!Government_entity_type[[#All],[< Agency type >]]
Name Commodities_list: #REF!
Name Commodity_names: [1]!Table5_Commodities_list[HS Product Description]
Name Companies_list: Companies[Nom complet de l’entreprise]
Name Currency_code_list: Table1_Country_codes_and_currencies[Code de devise (ISO 4217)]
Name GFS_list: Table6_GFS_codes_classification[Combiné]
Name Government_entities_list: Government_agencies[Nom complet de l’entité]
Name Project_phases_list: Table12[Étapes du projet]
Name Projectname: Companies15[Nom complet du projet]
Name Reporting_options_list: Table3_Reporting_options[Liste]
Name Revenue_stream_list: Government_revenues_table[Nom du flux de revenus]
Name Sector_list: Table7_sectors[Secteur (s)]
Name Simple_options_list: Table2_Simple_options[Liste]
Name Total_reconciled: Table10[Valeur de revenus]
Name Total_revenues: Government_revenues_table[Valeur des revenus]

Sheet Introduction
E4: Rempli le : | G4: AAAA-MM-JJ
C10: Modèle de données résumées pour les divulgations ITIE
C11: Version 2.0 appliquée le 1er Juillet 2019
C13: En remplissant ce modèle de données résumées avec des données de votre Rapport ITIE, vous rendrez ces dernières accessibles sous un format lisible par machine (Exigence 7.2.d).
C14: « Rendre le Rapport ITIE disponible en format données ouvertes (xlsx ou csv) en ligne et faire connaître sa disponibilité » - Exigence ITIE 7.1.c
C16: Comment fonctionne la publication de données ITIE :
C17: 1. N’utiliser qu’un classeur Excel par exercice fiscal couvert. Si la déclaration porte à la fois sur les hydrocarbures et l’exploitation minière, ces deux secteurs peuvent être inclus dans un seul classeur.
C18: 2. Remplir le classeur entier - parties 1 à 5
C19: 3. Prière de soumettre cette fiche de données en même temps que le Rapport ITIE. L’envoyer au Secrétariat international à : data@eiti.org.
C20: 4. Les données serviront à alimenter le référentiel mondial de données ITIE, disponible sur le site Internet international de l’ITIE à https://eiti.org/fr/donnees. Le fichier vous sera renvoyé, afin de pouvoir être publié sur les canaux de votre choix.
C22: Le présent formulaire modèle devra être rempli intégralement et soumis au Secrétariat international de l’ITIE pour chaque exercice fiscal couvert par le rapportage ITIE.
C25: Ce classeur comporte cinq parties. Insérer vos données en commençant par la partie 1 et continuer jusqu’à la partie 5
C27: Partie 1 (Présentation) : Insérer les caractéristiques relatives au pays et aux données.
... C31: Partie 5 (Données d’entreprise) : Inscrire des données d’entreprise - et celle de niveau projet - par flux de revenus.
C33: Le Secrétariat international peut prodiguer conseils et soutien sur demande. Veuillez le contacter à | E33: data@eiti.org
C35: Les cellules en orange doivent être complétées avant la soumission | E35: Les cellules en bleu ne servent qu’à indiquer les sources et/ou à inscrire des commentaires | G35: Les cellules en blanc n’exigent aucune action
C37: Vous recevrez des retours immédiats sur un certain nombre des données que vous aurez inscrites, et certaines cellules se rempliront automatiquement.
C40: Terminologie : Divulgation | E40: Terminologie : Options simples
C41: Oui, divulgation systématique : Si les données sont divulguées régulièrement et systématiquement par des entités de l’État et ou des entreprises, et si ces données sont fiables, sélectionner Oui, divulgation systématique | E41: Oui : Tous les aspects de la question ont reçu une réponse/ont été couverts.
C42: Oui, à travers le rapportage ITIE : Si le Rapport ITIE ou son site couvre certaines lacunes de divulgation relatives aux données du gouvernement ou des entreprises, sélectionner « Oui, dans le Rapport ITIE ». | E42: Partiellement : Des aspects de la question ont reçu une réponse/ont été couverts.
C43: Non disponible : Les données sont applicables au pays, mais il n’y a pas de données ou d’informations disponibles. | E43: Non : Aucune information n’est couverte.
C44: Sans objet : Si une exigence n’est pas pertinente, sélectionner « Sans objet ». Faire référence à toute information à ce sujet, telle que contenue dans le Rapport ITIE ou dans le procès-verbal d’une réunion du Groupe multipartite. | E44: Sans objet : La question n’est pas pertinente pour la rubrique en question. Si une explication est requise, faire référence à toute information démontrant la non-applicabilité.
C46: Pour plus d’information sur l’ITIE, visitez notre site Internet https://eiti.org/fr
C47: Vous voulez en savoir plus sur votre pays ? Vérifiez si votre pays met en œuvre la Norme ITIE en visitant https://eiti.org/fr/pays
C48: Pour la version la plus récente des modèles de données résumées, consultez https://eiti.org/fr/document/modele-donnees-resumees-itie
C49: Faites-nous connaître vos réactions ou signalez tout conflit au niveau des données ! Écrivez-nous à data@eiti.org
C51: Site Internet www.eiti.org Courriel secretariat@eiti.org Téléphone +47 22 20 08 00 Télécopieur +47 22 83 08 02
C52: Adresse EITI International Secretariat, Rådhusgata 26, 0151 Oslo, Norvège
B53: Pays ou région
B55: Exercice fiscal couvert par ce fichier de données
B56: Exercice fiscal couvert par ce fichier de données
B58: Source de données
B59: Source de données
B60: Source de données
B61: Source de données
B62: Source de données
B63: Source de données
B64: Source de données
B65: Source de données
B66: Source de données
... B93: Coordonnées de contact : soumission de données

Sheet Partie 1 - Présentation
G3: Modèle de données résumées
G4: =[2]Introduction!G4 -> AAAA-MM-JJ
C8: Partie 1 - (Présentation) Elle couvre les caractéristiques du pays et des données
C9: Comment remplir cette feuille :
C10: 1. Commençant par en haut, sélectionner votre réponse dans la colonne grise. Des indications s’affichent dans les cadres jaunes dès que la cellule a été sélectionnée.
C11: 2. Lorsqu’il aura été répondu à certaines questions, de nouvelles indications et questions peuvent s’afficher. Merci de répondre à chacune d’elles jusqu’à ce que la section ait été remplie.
C12: 3. Inclure au besoin toute information supplémentaire ou tout commentaire dans la colonne Source/Commentaires.
C13: Si vous avez des questions, veuillez contacter data@eiti.org
C15: Les cellules en orange doivent être complétées avant la soumission | E15: Les cellules en bleu pâle ne servent qu’à indiquer les sources et/ou à inscrire des commentaires | G15: Les cellules en blanc n’exigent aucune action
C17: Partie 1 - Présentation
C18: Description | E18: Inscrire les données dans cette colonne | G18: Source/Commentaires
C19: Pays ou région
B20: Pays ou région | C20: Nom du pays ou de la région | E20: Tchad
B21: Pays ou région | C21: Code ISO de la devise | E21: =IFERROR(VLOOKUP($E$20,[2]!Table1_Country_codes_and_currencies[#Data],3,FALSE),"") -> TCD
B22: Pays ou région | C22: Nom de la monnaie nationale | E22: =IFERROR(VLOOKUP($E$20,[2]!Table1_Country_codes_and_currencies[#Data],7,FALSE),"") -> Franc CFA d’Afrique centrale
B23: Pays ou région | C23: Monnaie nationale selon ISO-4217 | E23: =IFERROR(VLOOKUP($E$20,[2]!Table1_Country_codes_and_currencies[#Data],5,FALSE),"") -> XAF
C24: Exercice fiscal couvert par ce fichier de données
B25: Exercice fiscal couvert par ce fichier de données | C25: Date de début | E25: 43101 | G25: La période fiscale dans le cadre de la publication du douzième rapport ITIE du Tchad couvre l’année fiscale 2018.
B26: Exercice fiscal couvert par ce fichier de données | C26: Date de fin | E26: 43465
C27: Source de données
B28: Source de données | C28: Un Rapport ITIE a-t-il été préparé par un Administrateur indépendant ? | E28: Oui
B29: Source de données | C29: Quel est le nom de l’entreprise ? | E29: BDO LLP UK
B30: Source de données | C30: Date à laquelle le Rapport ITIE a été rendu public | E30: Rapprot non encore publié
B31: Source de données | C31: URL, Rapport ITIE
B32: Source de données | C32: Les données ITIE sont-elles systématiquement divulguées par le gouvernement à une adresse unique? | E32: Non
B33: Source de données | C33: Date de publication des données ITIE | E33: =IF(OR($E$32=[2]Listes!$I$4,$E$32=[2]Listes!$I$5),"<Date sous ce format: AAAA-MM-JJ>","")
B34: Source de données | C34: Lien vers le site Internet (URL) de données ITIE | E34: =IF(OR($E$32=[2]Listes!$I$4,$E$32=[2]Listes!$I$5),"<URL>","")
B35: Source de données | C35: Existe-t-il d’autres fichiers de caractère pertinent ? | E35: Sans objet
B36: Source de données | C36: Date à laquelle l’autre fichier a été rendu public | E36: =IF(OR($E$35=[2]Listes!$I$4,$E$35=[2]Listes!$I$5),"<Date sous ce format: AAAA-MM-JJ>","")
B37: Source de données | C37: URL
C38: Accessibilités des données et données ouvertes (Exigence 7.2)
C39: Le gouvernement applique-t-il une politique de données ouvertes ? | E39: Oui, divulgation systématique | G39: Conformément à la déclaration sur la mise en oeuvre du systéme de données ouvertes publié en décembre 2017, le Haut Comité National a décidé à partir du 01 janvier 2018, de publier régulièrement, sur le site de l'ITIE Tchad , toutes les informations contextuelles et financières du secteur extractif liées au processus de rapportage ITIE selon le mécanisme de données ouvertes. Toutefois, suite à la vérification des données publiées sur le site de l'ITIE Tchad, nous avons noté l'absence des données financières ainsi que la non-exhaustivité des données contexteulles sur le secteur extractif.
B40: Couverture/périmètre des données | C40: Portail/fichiers de données ouvertes | E40: https://eiti.org/document/chad-open-data-policy
B41: Couverture/périmètre des données | C41: Couverture/périmètre des données
B42: Couverture/périmètre des données | C42: Couverture sectorielle
B43: Couverture/périmètre des données | C43: Pétrole | E43: Oui
B44: Couverture/périmètre des données | C44: Gaz | E44: Non
B45: Couverture/périmètre des données | C45: Mines (y compris carrières) | E45: Oui
B46: Couverture/périmètre des données | C46: Autres secteurs (autres que les secteur en amont) | E46: Oui
B47: Couverture/périmètre des données | C47: Si oui, préciser le nom (insérer de nouvelles lignes si multiples) | E47: Transport pétrolier et Raffinage
B48: Couverture/périmètre des données | C48: Nombre d’entités de l’État déclarantes (Entreprises d'Etat incluses si collectant) | E48: 11
B49: Couverture/périmètre des données | C49: Nombre d’entreprises déclarantes (Entreprises d'Etat incluses si payeur) | E49: 39
B50: Couverture/périmètre des données | C50: Devise de déclaration (codes de devise ISO-4217) | E50: USD | G50: Pour les paiements déclarés en FCFA, le taux utilisé est le taux moyen (1 USD= 555,696 FCFA) au cours de l'année 2018 issu du site internet suivant :https://www.oanda.com/fx-for-business/historical-rates.
B51: Couverture/périmètre des données | C51: Taux de change utilisé : 1 USD = | E51: 1
B52: Couverture/périmètre des données | C52: Source du taux de change (URL,…): | E52: https://www.oanda.com/fx-for-business/historical-rates
B53: Couverture/périmètre des données | C53: Exigence ITIE 4.7: Désagrégation
B54: Couverture/périmètre des données | C54: ... par flux de revenus | E54: Oui
C55: ... par entité de l’État | E55: Oui
C56: ... par entreprise | E56: Oui
C57: ... par projet | E57: Oui | G57: La divulgation des paiements par projet prend effet à compter de la date de démarrage des travaux d’élaboration du rapport ITIE 2018.
C58: Vue d’ensemble /exigence relative aux données | E58: =SUM(E59:E62) -> 1
C59: Divulgation systématique | E59: =COUNTIF('Partie 2 - Liste de pointage'!$D:$D,[2]Listes!$K$4)/SUM(COUNTIF('Partie 2 - Liste de pointage'!$D:$D,"*Rapportage ITIE ou divulgation systématique?*"),COUNTIF('Partie 2 - Liste de pointage'!$D:$D,[2]Listes!$K$4),COUNTIF('Partie 2 - Liste de pointage'!$D:$D,[2]Listes!$K$5),COUNTIF('Partie 2 - Liste de pointage'!$D:$D,[2]Listes!$K$6),COUNTIF('Partie 2 - Liste de pointage'!$D:$D,[2]Listes!$K$7)) -> 0.125 | G59: Calcul à l’aide de la liste de vérification
C60: À travers le rapportage ITIE | E60: =COUNTIF('Partie 2 - Liste de pointage'!$D:$D,[2]Listes!$K$5)/SUM(COUNTIF('Partie 2 - Liste de pointage'!$D:$D,"*Rapportage ITIE ou divulgation systématique?*"),COUNTIF('Partie 2 - Liste de pointage'!$D:$D,[2]Listes!$K$4),COUNTIF('Partie 2 - Liste de pointage'!$D:$D,[2]Listes!$K$5),COUNTIF('Partie 2 - Liste de pointage'!$D:$D,[2]Listes!$K$6),COUNTIF('Partie 2 - Liste de pointage'!$D:$D,[2]Listes!$K$7)) -> 0.546875 | G60: Calcul à l’aide de la liste de vérification
B61: Coordonnées de contact : soumission de données | C61: Sans objet. | E61: =COUNTIF('Partie 2 - Liste de pointage'!$D:$D,[2]Listes!$K$6)/SUM(COUNTIF('Partie 2 - Liste de pointage'!$D:$D,"*Rapportage ITIE ou divulgation systématique?*"),COUNTIF('Partie 2 - Liste de pointage'!$D:$D,[2]Listes!$K$4),COUNTIF('Partie 2 - Liste de pointage'!$D:$D,[2]Listes!$K$5),COUNTIF('Partie 2 - Liste de pointage'!$D:$D,[2]Listes!$K$6),COUNTIF('Partie 2 - Liste de pointage'!$D:$D,[2]Listes!$K$7)) -> 0.109375 | G61: Calcul à l’aide de la liste de vérification
B62: Coordonnées de contact : soumission de données | C62: Information non disponible | E62: =COUNTIF('Partie 2 - Liste de pointage'!$D:$D,[2]Listes!$K$7)/SUM(COUNTIF('Partie 2 - Liste de pointage'!$D:$D,"*Rapportage ITIE ou divulgation systématique?*"),COUNTIF('Partie 2 - Liste de pointage'!$D:$D,[2]Listes!$K$4),COUNTIF('Partie 2 - Liste de pointage'!$D:$D,[2]Listes!$K$5),COUNTIF('Partie 2 - Liste de pointage'!$D:$D,[2]Listes!$K$6),COUNTIF('Partie 2 - Liste de pointage'!$D:$D,[2]Listes!$K$7)) -> 0.21875 | G62: Calcul à l’aide de la liste de vérification
B63: Coordonnées de contact : soumission de données | C63: Nom et coordonnées de contact de la personne soumettant ce fichier
B64: Coordonnées de contact : soumission de données | C64: Name | E64: Achraf Kanoun
C65: Organisation | E65: BDO LLP
C66: Adresse électronique | E66: achraf.kanoun@bdo-ifi.com
C69: Pour plus d’information sur l’ITIE, visitez notre site Internet https://eiti.org/fr
C70: Vous voulez en savoir plus sur votre pays ? Vérifiez si votre pays met en œuvre la Norme ITIE en visitant https://eiti.org/fr/pays
C71: Pour la version la plus récente des modèles de données résumées, consultez https://eiti.org/fr/document/modele-donnees-resumees-itie
C72: Faites-nous connaître vos réactions ou signalez tout conflit au niveau des données ! Écrivez-nous à data@eiti.org
B73: Couverture/périmètre des données
B74: Couverture/périmètre des données | C74: Site Internet www.eiti.org Courriel secretariat@eiti.org Téléphone +47 22 20 08 00 Télécopieur +47 22 83 08 02
B75: Couverture/périmètre des données | C75: Adresse EITI International Secretariat, Rådhusgata 26, 0151 Oslo, Norvège
B76: Couverture/périmètre des données
B77: Couverture/périmètre des données
B78: Couverture/périmètre des données
B79: Couverture/périmètre des données
B80: Couverture/périmètre des données
B81: Couverture/périmètre des données
B82: Couverture/périmètre des données
B83: Couverture/périmètre des données
B84: Couverture/périmètre des données
B85: Couverture/périmètre des données
B86: Couverture/périmètre des données
B87: Couverture/périmètre des données
... B97: Coordonnées de contact : soumission de données

Sheet Partie 2 - Liste de pointage
H3: Modèle de données résumées
H4: =[2]Introduction!G4 -> AAAA-MM-JJ
B8: Partie 2 (liste de vérification) Elle couvre l’information contextuelle et financière agrégée prévue par les Exigences ITIE 2,3,4,5 et 6.
B9: Comment remplir cette feuille :
B10: Pour chaque ligne, veuillez procéder comme suit
B11: 1. Commençant par le haut, répondez aux questions de la première colonne (Inclusion). Des indications vous sont données dans les cadres jaunes une fois que la cellule est mise en évidence. Cliquez sur les cellules relatives à chaque Exigence ITIE pour faire apparaître le libellé de la Norme ITIE.
B12: 2. D’autres orientations apparaissent lorsque vous remplissez les cellules. Remplissez-les comme indiqué, complétant chaque colonne de chaque ligne avant de remplir la ligne suivante.
B13: Par exemple, en sélectionnant « Oui, dans le Rapport ITIE », le texte « Veuillez inclure la section du Rapport ITIE » dans la case Source/unités apparaît.
B14: 3. Insérez au besoin toute information supplémentaire ou tout commentaire dans la colonne Commentaires/Notes.
B15: Si vous avez des questions, veuillez contacter data@eiti.org
B17: Les cellules en orange doivent être complétées avant la soumission | D17: Les cellules en bleu pâle ne servent qu’à indiquer les sources et/ou inscrire des commentaires | F17: Ignorez les cellules en blanc, car elles n’exigent aucune action
B19: Partie 2 - Liste de pointage
B20: Veuillez répondre à toutes les questions posées ci-dessous.
B22: Exigence | D22: Inclusion | F22: Source/unités | H22: Commentaires/Notes
B23: Exigence ITIE 2.1 : Cadre légal et régime fiscal
B24: Le gouvernement publie-t-il des informations concernant
B25: Les lois et réglementations ? | D25: Oui, divulgation systématique | F25: 3.1.2.b. Cadre légal du secteur pétrolier 3.2.3.a. Cadre légal et fiscal du secteur minier Publication de ses informations dans les sites ci-dessous: 1- http//www.droit-afrique.com/upload/doc/tchad/Tchad-Code-2007-hydrocarbures-MAJ-2010.pdf 2- https://www.a-mla.org/images/acts/cgi_2016_Tchad.pdf.pdf 3- http://itie-tchad.org/les-decrets-dans-le-secteur-des-hydrocarbures-au-tchad/ 4- http://www.droit-afrique.com/upload/doc/tchad/Tchad-Loi-1999-01-gestion-des-revenus-petroliers.pdf 5- http//extwprlegs1.fao.org/docs/pdf/cha161463.pdf 6- http://www.droit-afrique.com/upload/doc/tchad/Tchad-Code-1995-minier.pdf 7- https://finances.gouv.td/index.php/publications/lois-des-finances 8- http://itie-tchad.org/le-nouveau-code-minier-du-tchad-juin-2018/ | H25: La couverture du régime juridique et fiscal sur les sources publiques est complète, mais s'étend sur plusieurs sources. L'information sur ces sources est tenue à jour. Les informations disponibles répondent aux exigences de l'ITIE.
B26: Vue d’ensemble des rôles des agences gouvernementales ? | D26: Oui, à travers le rapportage ITIE | F26: 3.2.1.a Cadre Institutionnel du secteur pétrolier 3.2.3.b Cadre Institutionnel du secteur minier
B27: Régime des droits pétroliers et miniers? | D27: Oui, à travers le rapportage ITIE | F27: 3.1.4. Gestion des permis pétroliers 3.2.3.a. Types des titres et autorisations minières
B28: Régime fiscal ? | D28: Oui, à travers le rapportage ITIE | F28: 3.1.2.c. Cadre fiscal du secteur pétrolier 3.2.3.a. Cadre légal et fiscal du secteur minier
B30: Exigence ITIE 2.2: Octroi des contrats et licences
B31: Le gouvernement publie-t-il des informations concernant
B32: le processus d’octroi des licences ? | D32: Oui, divulgation systématique | F32: 3.1.5. Attribution et gestion des titres et des contrats (Secteur pétrolier) - Modalités et conditions d’octroi des permis pétrolier : 1- La loi relative aux hydrocarbures : http//www.droit-afrique.com/upload/doc/tchad/Tchad-Code-2007-hydrocarbures-MAJ-2010.pdf 2- Décret d’application de la loi relative aux hydrocarbures : http://extwprlegs1.fao.org/docs/pdf/cha161463.pdf 3.2.3. Titres et autorisations minières (secteur Minier) - Modalités et conditions d’octroi des permis miniers : 1- Code Minier de 1995 : http://www.droit-afrique.com/upload/doc/tchad/Tchad-Code-1995-minier.pdf 2- Nouveau code minier de 2018 : http://itie-tchad.org/le-nouveau-code-minier-du-tchad-juin-2018/ | H32: - Les modalités et conditions d'octroi des permis pétrolier sont présentées au niveau de la loi relative aux hydrocarbures ainsi que sont décret d'application. - Les modalités et conditions d'octroi des permis miniers sont présentées au niveau des codes minier de 1995 et de 2018.
B33: et les critères techniques et financiers utilisés ? | D33: Oui, à travers le rapportage ITIE | F33: 3.1.5. Attribution et gestion des titres et des contrats (Secteur des hydrocarbures) 3.2.3. Titres et autorisations minières (secteur Minier) | H33: Les critères techniques et finanicères ne sont pas renseignés au niveau des procédures d'octroi des permis pétroliers et minier. Toutefois, les conditions à remplir par les demandeurs pour la justification des capacités techniques et financières selon la pratique sont présentées au niveau des sections 3.1.5 et 3.2.3 du rapport ITIE Tchad 2017.
B34: le(s) processus de transfert de licences ? | D34: Oui, à travers le rapportage ITIE | F34: 3.1.5. Attribution et gestion des titres et des contrats (Secteur des hydrocarbures) 3.2.3. Titres et autorisations minières (secteur Minier)
B35: et les critères techniques et financiers utilisés ? | D35: Oui, à travers le rapportage ITIE | F35: 3.1.5. Attribution et gestion des titres et des contrats (Secteur des hydrocarbures) 3.2.3. Titres et autorisations minières (secteur Minier)
B36: processus d’appel d’offres : | D36: Oui, à travers le rapportage ITIE | F36: 3.1.5. Attribution et gestion des titres et des contrats (Secteur des hydrocarbures) 3.2.3. Titres et autorisations minières (secteur Minier)
B37: Nombre d’octrois et de transferts pour l’exercice couvert | D37: 1 Permis d'exploitation (Secteur pétrolier) 1 Renouvellement Permis d'exploitation (Secteur pétrolier) 2 Permis de recherche (secteur pétrolier) 2 Autorisations minières | F37: 3.1.5. Attribution et gestion des titres et des contrats (Secteur des hydrocarbures) 3.2.3. Titres et autorisations minières (secteur Minier) + Annexe 11 du rapport.
B39: Exigence ITIE 2.3: Registre des licences
B40: Registres des licences pour le secteur minier | D40: Oui, à travers le rapportage ITIE | F40: 3.2.4. Registre des titres miniers Annexe 10 : Liste des permis miniers | H40: Le Tchad ne dispose pas encore d’un cadastre minier (en cours de réalisation). La gestion des titres miniers est assurée par la Direction Génréale Technique des Mines (DGTM). Cette gestion se fait sur un document électronique dont une copie nous a été fournie et figure dans l’Annexe 10 du présent rapport.
B41: Registre des licences pour le secteur pétrolier | D41: Oui, divulgation systématique | F41: 3.1.4. Gestion des permis pétroliers Annexe 8 : Liste des permis pétroliers d'exploitation Annexe 9 : Liste des permis pétroliers de recherche Mini-cadatre pérolier : http://itie-tchad.org/mini-cadastre/ | H41: Le Tchad ne dispose pas encore d’un cadastre pétrolier (en cours de réalisation). La gestion des titres pétroliers est assurée par la Direction Génréale Technique du Pétrole (DGTP). Cette gestion se fait sur un document électronique intitulé mini-cadastre pétrolier, publié par le gouvernement sur le site de l’ITIE Tchad.
B42: Registre des licences pour tout autre secteur - ajouter des lignes au besoin | D42: Sans objet. | F42: NA
B44: Exigence ITIE 2.4: Divulgation des contrats
B45: Politique sur la divulgation des contrats | D45: Oui, à travers le rapportage ITIE | F45: 3.1.6. Politique en matière de publication des contrats (Secteur pétrolier) 3.2.5. Politique en matière de publication des contrats (Secteur Minier)
B46: Les contrats sont-ils divulgués ? | D46: Oui, divulgation systématique | F46: - Secteur Pétrolier : http://itie-tchad.org/mini-cadastre/ - Secteri Minier : http://itie-tchad.org/toutes-les-conventions-dexploitation-miniere-et-carriere-au-tchad/ | H46: Tous les contrats pétroliers sont publiées au niveau du mini-cadastre pétrolier, publié sur le site de l’ITIE Tchad. Parmi les 60 permis miniers valide au 31 décembre 2017, uniquement 25 contrats ont été publiés sur le site de l’ITIE Tchad. Le détail des permis miniers (publié/non publié) est présenté dans l’Annexe 10 du rapport ITIE Tchad 2017.
B47: Registre des contrats pour le secteur minier | D47: Oui, à travers le rapportage ITIE | F47: 3.2.4. Registre des titres miniers Annexe 10 : Liste des permis miniers | H47: Le Tchad ne dispose pas encore d’un cadastre minier (en cours de réalisation). La gestion des titres miniers est assurée par la Direction Génréale Technique des Mines (DGTM). Cette gestion se fait sur un document électronique dont une copie nous a été fournie et figure dans l’Annexe 10 du du rapport ITIE Tchad 2017.
B48: Registre des contrats pour le secteur pétrolier | D48: Oui, divulgation systématique | F48: 3.1.4. Gestion des permis pétroliers Mini-cadatre pérolier : http://itie-tchad.org/mini-cadastre/ | H48: Le Tchad ne dispose pas encore d’un cadastre pétrolier (en cours de réalisation). La gestion des titres pétroliers est assurée par la Direction Génréale Technique du Pétrole (DGTP). Cette gestion se fait sur un document électronique intitulé mini-cadastre pétrolier, publié par le gouvernement sur le site de l’ITIE Tchad.
B49: Registre des contrats pour tout autre secteur - ajouter des ligne s’il y en a plusieurs | D49: Sans objet. | F49: NA
B51: Exigence ITIE 2.5: Propriété réelle
B52: Politique du gouvernement concernant la propriété réelle | D52: Oui, à travers le rapportage ITIE | F52: 3.7.1. Cadre juridique de la propriété réelle au Tchad 3.7.2. Définition de la propriété réelle
B53: Des données de propriété réelle sont-elles divulguées ? | D53: Oui, à travers le rapportage ITIE | F53: 3.7.3. Informations sur la propriété réelle divulguées au niveau du rapport ITIE 2017 Annexe 3 : Structure de Capital et propriété réelle des sociétés du périmètre
B54: Registre de la propriété réelle | D54: Sans objet. | F54: NA | H54: Le cadre juridique actuel du Tchad ne prévoit ni de définition claire ni de registre public des propriétaires réels des sociétés qui soumissionnent, opèrent ou investissent dans les actifs extractifs.
B56: Exigence ITIE 2.6 : Participation de l’État
B57: Le gouvernement rend-il compte de sa participation dans le secteur extractif ? | D57: Oui, à travers le rapportage ITIE | F57: 3.1.7. Participation de l’Etat dans le secteur pétrolier 3.1.8. La participation dans la société de raffinage de N’Djamena (SRN) 3.1.9. La participation dans les sociétés de transport TOTCO-COTCO 3.2.7. Participation de l’Etat dans le secteur minier Annexe 3 : Structure de Capital et propriété réelle des sociétés du périmètre
B58: Toute référence à des entreprises d’État (portails ou sites Internet d’entreprise), telle que paraissant dans le Rapport (Ajouter des lignes si plusieurs Entreprises D'Etat) | D58: Oui, divulgation systématique | F58: https://sht-tchad.com/fr/ | H58: Toutes les sociétés dans lesquelles l'Etat possédé une participation dans leur capital social ont été retenues dans le périmètre de réconciliation du présent rapport. Toutefois seules la SHT et la SONACIM obéissent à la définition d’Entreprise d’Etat et seule la SHT possède d'un site web.
B59: Référence au(s) rapport(s) financier(s) audité(s) (Ajouter des lignes si plusieurs Entreprises d'Etat) | D59: Oui, divulgation systématique | F59: https://sht-tchad.com/fr/index.php/rapports-etats-financiers/rapports# | H59: Les états financiers de la SHT sont publiés au niveau du site web de la dite société.
B61: Exigence ITIE 3.1: Prospection
B62: Vue d’ensemble des industries extractives, y compris de toute activité importante de prospection. | D62: Oui, à travers le rapportage ITIE | F62: 3.1.1. Contexte du secteur pétrolier 3.2.1. Contexte général du secteur minier
B64: Exigence ITIE 3.2: Production
B65: (Nomenclature SH des Nations Unies)
B66: Divulgation des volumes de production | D66: Oui, à travers le rapportage ITIE | F66: 1.5. La production et les exportations du secteur extractif 3.1.1.c. Principales activités d’exploitation 6.2. Répartition de la production par champs | H66: Nous n’avons pas reçu de la DGTM et des sociétés minières des statistiques sur la production du secteur minier en 2017.
B67: Divulgation des valeurs de production | D67: Oui, à travers le rapportage ITIE | F67: 1.5. La production et les exportations du secteur extractif
B68: Pétrole brut (2709), volume | D68: 41327319 | F68: Barils
B69: =LEFT(B68,SEARCH(",",B68))&" valeur" -> Pétrole brut (2709), valeur | D69: 2266263802 | F69: USD | H69: Méthode de valorisarion : Quantités de production du pétrole brut multipliées par le prix moyen d'exportation en 2017 selon les données reportées par la DGTP.
B71: Exigences ITIE 3.3 : Exportations
B72: Divulgation des volumes d’exportation | D72: Oui, à travers le rapportage ITIE | F72: 1.5. La production et les exportations du secteur extractif 3.1.1.c. Principales activités d’exploitation 6.3. Exportations du secteur extractif | H72: Nous n’avons pas reçu de la DGTM et des sociétés minières des statistiques sur les exportations du secteur minier au cours de 2017.
B73: Divulgation des valeurs d’exportation | D73: Oui, à travers le rapportage ITIE | F73: 1.5. La production et les exportations du secteur extractif 3.1.1.c. Principales activités d’exploitation 6.3. Exportations du secteur extractif
B74: Pétrole brut (2709), volume | D74: 35796567 | F74: Barils
B75: =LEFT(B74,SEARCH(",",B74))&" valeur" -> Pétrole brut (2709), valeur | D75: 1962970820 | F75: USD
B77: Exigence ITIE 4.1 : Exhaustivité
B78: Le gouvernement divulgue-t-il entièrement les revenus extractifs par flux de revenus ? | D78: Oui, à travers le rapportage ITIE | F78: 1.7. Exhaustivité et fiabilité des données | H78: Parmi les 10 régies financières retenues dans le périmètre de réconciliation de 2017, 5 entités n’ont pas soumis de formulaire de déclaration et aucune entité n’a fourni un formulaire de déclaration certifié par la Chambre des Comptes. Compte tenu des constats indiqués, nous ne pouvons pas conclure, avec une assurance raisonnable, sur l’exhaustivité et la fiabilité des données reportées par l’Etat dans le cadre du présent rapport.
B79: Les décisions du Groupe multipartite concernant les seuils de matérialité sont-elles publiquement disponibles ? | D79: Oui, à travers le rapportage ITIE | F79: 4. DETERMINATION DU PERIMETRE ITIE
B80: Couverture de la réconciliation | D80: =SUM('[2]Partie 5 - Données d’entreprise'!K109/'[2]Partie 4 - Recettes de l’État'!J78) -> 1 | F80: Calcul automatique utilisant le total des revenus du gouvernement et le total des données par entreprise | H80: Compte tenu de la valeur non significative la déclaration unilatérale de l'Etat pour les sociétés extractives hors périmètre de réconciliation soit un montant total de 796 USD (Voir : Annexe 12 du rapport), cette déclaration n'a pas été prise en compte dans le calcul du revenu du secteur extractif dans le cadre du présent rapport.
B82: Exigence ITIE 4.2: Revenus en nature
B83: Le gouvernement divulgue-t-il des données sur les revenus en nature ? | D83: Oui, à travers le rapportage ITIE | F83: 1.4. Revenus du secteur extractif 3.1.7.a. Mandats SHT 6.1.1. Analyse des revenus en nature par projet
B84: Si oui, quel est le volume reçu?
B85: Pétrole brut, volume | D85: 9366700 | F85: Barils
B86: Si oui, combien a été vendu?
B87: Pétrole brut, volume | D87: 8182280 | F87: Barils | H87: - 5 608 210 barils vendus à export par la société Glencore Energy UK, et - 2 574 070 barils vendus à la raffinerie.
B88: =LEFT(B87,SEARCH(",",B87))&" valeur" -> Pétrole brut, valeur | D88: 397437281 | F88: USD | H88: - Vente à l'export : Le prix de vente appliqué par baril est la moyenne des cotations du Brent publié par la « Platts Crude Oil Marketwire » sur les 5 ou 10 jours précédant la date de cession. Il s'agit du prix selon le contrat commercial entre le SHT et la société Glencore Energy UK. - Vente à la raffinerie : le prix de vente appliqué est 46,85 USD par baril. Il s'agit du prix selon la convention CNPCI-SRN.
B90: Exigence ITIE 4.3 : Accords de troc
B91: Le gouvernement divulgue-t-il des informations concernant les accords de troc et de fourniture d’infrastructures ? | D91: Oui, à travers le rapportage ITIE | F91: 3.3.2. L’accord de troc avec la société CNPCI Ltd
B92: Si oui, quel est le montant total des revenus perçus à partir des accords de troc et de fourniture d’infrastructures ? | D92: 0 | F92: USD
B94: Exigence ITIE 4.4: Revenus provenant du transport
B95: Le gouvernement divulgue-t-il des informations sur les revenus provenant du transport ? | D95: Oui, à travers le rapportage ITIE | F95: 1.4. Revenus du secteur extractif 5.1.2. Flux en numéraire (secteur du transport pétrolier)
B96: Si oui, quel est le montant total des revenus perçus à partir du transport de matières premières ? | D96: 24948575 | F96: USD
B98: Exigence ITIE 4.5 : Transactions liées aux entreprises d’État
B99: Le gouvernement divulgue-t-il des informations sur les transactions des entreprises d’État ? | D99: Oui, à travers le rapportage ITIE | F99: 1.4. Revenus du secteur extractif 3.1.7.a. Mandats SHT
B100: Si oui, quel est le montant total des revenus perçus par les entreprises d’État ? | D100: 397437281 | F100: USD | H100: Il s'agit de la vente des quotes-parts d'huile de l'Etat collectés par la SHT
B102: Exigence ITIE 4.6: Paiements directs infranationaux
B103: ="Le government divulgue-t-il des informations sur les"&RIGHT(B102,LEN(B102)-SEARCH(":",B102,1))&"?" -> Le government divulgue-t-il des informations sur les Paiements directs infranationaux ? | D103: Sans objet. | F103: NA
B104: Si oui, quel est le montant total des revenus infranationaux perçus ? | D104: Sans objet. | F104: NA
B106: Exigence ITIE 4.8 : Ponctualité des données
B107: Ponctualité des données (nombre d’années entre la fin de l’exercice fiscal et la publication) | D107: =IFERROR(IF(_xlfn.DAYS('Partie 1 - Présentation'!$E$30,'Partie 1 - Présentation'!$E$26)/365>0,_xlfn.DAYS('Partie 1 - Présentation'!$E$30,'Partie 1 - Présentation'!$E$26)/365,_xlfn.DAYS('Partie 1 - Présentation'!$E$33,'Partie 1 - Présentation'!$E$26)/365),"Complété automatiquement à partir du feuillet 1. Présentation") -> Complété automatiquement à partir du feuillet 1. Présentation
B109: Exigence ITIE 4.9: Qualité des données
B110: Le gouvernement divulgue-t-il régulièrement des données financières aux termes de l’Exigence 4.1 (divulgation complète des flux de revenus intéressant à la fois le gouvernement et les entreprises) de la Norme ITIE ? | D110: Oui, à travers le rapportage ITIE | F110: 1.4. Revenus du secteur extractif
B111: Les données financières sont-elles soumises à un audit crédible et indépendant, qui applique les normes internationales ? | D111: Oui, à travers le rapportage ITIE | F111: 3.6. Pratiques d’audit au Tchad Annexe 4 : Tableau de suivi des formulaires de déclaration des sociétés extractives Annexe 5 : Tableau de suivi des formulaires de déclaration des régies financières
B112: Les agences gouvernementales font-elles l’objet d’audits crédibles et indépendants ? | D112: Oui, à travers le rapportage ITIE | F112: 3.6. Pratiques d’audit au Tchad
B113: Base de données des audits d’entités de l’État | D113: Oui, à travers le rapportage ITIE | F113: Annexe 4 : Tableau de suivi des formulaires de déclaration des sociétés extractives
B114: Les entreprises sont-elles soumises à des audits crédibles et indépendants ? | D114: Oui, à travers le rapportage ITIE | F114: 3.6. Pratiques d’audit au Tchad
B115: Base de données des audits d’entreprise | D115: Oui, à travers le rapportage ITIE | F115: Annexe 5 : Tableau de suivi des formulaires de déclaration des régies financières
B117: Exigence 5.1 : Répartition des revenus provenant des industries extractives
B118: Le gouvernement précise-t-il si l’ensemble des revenus extractifs sont inscrits dans le budget national (c’est-à-dire, inscrits dans le compte consolidé/compte unique du trésor de l’État ?) | D118: Oui, à travers le rapportage ITIE | F118: 3.4. Collecte et affectation des revenus du secteur extractif 1.4. Revenus du secteur extractif
B119: Le gouvernement divulgue-t-il la part des revenus extractifs qui ne sont pas inscrits dans le budget de l’État ? | D119: 0 | F119: USD
B121: Exigence ITIE 5.2 : Transferts infranationaux
B122: Le gouvernement divulgue-t-il des informations sur les transferts infranationaux ? | D122: Oui, à travers le rapportage ITIE | F122: 6.5. Transferts infranationaux
B123: Si oui, quelle aurait dû être la part des revenus transférés par le gouvernement en vertu de la formule de répartition des revenus ? | D123: 1349998 | F123: USD | H123: Il s'agit des transferts aux régions productrices (5%) selon l’état des appels de fonds et la réparition des revenus pétrolier en 2017 communiquées par le Ministère des Finances et du Budget ainsi que les relevés bancaires du Comité Provisoire pour la Gestion des Revenus Pétrolier (CPGRP).
B124: Si oui, quel fut le montant des revenus effectivement transférés ? | D124: 782993 | F124: USD | H124: Il s'agit des transferts aux régions productrices (5%) selon le selon budget général rectificatif de 2017. Nous avons noté l’absence des données sur les transferts sur les revenus pétroliers directs de l’année 2017 effectivement reçus au niveau de la déclaration de la région productrice de Doba. Nous n’avons pas été en mesure de soumettre le formulaire de déclaration à l’autorité de gestion de la région productrice de Koudalwa afin de réconcilier les transferts des recettes allouées avec les transferts effectivement reçus par cette région.
B126: Exigence ITIE 5.3 : Gestion des revenus et dépenses publiques
B127: Le gouvernement divulgue-t-il l’affectation éventuelle de certains revenus extractifs à des usages, programmes ou zones géographiques particuliers ? | D127: Non disponible | F127: =IF(D127=[2]Listes!$K$4,"< Indiquez l'URL de la source >",IF(D127=[2]Listes!$K$5,"< Référence de la section dans le Rapport ITIE ou URL>",IF(D127=[2]Listes!$K$6,"< Référence de la non-applicabilité >","")))
...

Sheet Partie 3 - Entités déclarantes
E3: Modèle de données résumées
E4: =Introduction!G4 -> AAAA-MM-JJ
B8: Partie 3 (Entités déclarantes) Elle énumère les entités déclarantes (entités de l’État, entreprises et projets) et fournit des informations y afférentes.
B9: Comment remplir cette feuille :
B10: 1. Veuillez commencer par la première case (liste des entités déclarantes de l’État), en indiquant le nom de chacune d’elles
B11: 2. Remplissez la ligne des identifiants d’entreprise Des orientations vous seront données dans les cases jaunes lorsque la cellule est mise en évidence
B12: 3. Remplissez la liste des entreprises déclarantes, commençant par la première colonne, « Nom complet de l’entreprise » Remplissez en suivant les instructions, complétant chaque colonne sur chaque ligne avant de commencer la ligne suivante.
B13: 4. Remplissez la liste des Projets à déclarer, commençant par la première colonne, « Nom complet du projet »
B14: Si vous avez des questions, veuillez contacter data@eiti.org
B16: Partie 3 - Entités déclarantes
B17: Veuillez fournir une liste de toutes les entités déclarantes, accompagnée de l’information y afférente
B19: Liste des entités de l’État déclarantes
B20: Nom complet de l’entité | C20: Type d'Agence | D20: N° d’identifiant (le cas échéant) | E20: Total déclaré
B21: Direction Générale du Trésor et de la Comptabilité Publique (DGTCP) | C21: Administration centrale | D21: Non applicable | E21: =SUMIF(Government_revenues_table[Entité de l’État],Government_agencies[[#This Row],[Nom complet de l’entité]],Government_revenues_table[Valeur des revenus]) -> 3.1694934e+08
B22: Société des Hydrocarbures du Tchad (SHT) | C22: Société publique financière et Entreprise d'Etat | D22: Non applicable | E22: =SUMIF(Government_revenues_table[Entité de l’État],Government_agencies[[#This Row],[Nom complet de l’entité]],Government_revenues_table[Valeur des revenus]) -> 6.8065056e+08
B23: Direction Générale Technique de Pétrole (DGTP) | C23: Administration centrale | D23: Non applicable | E23: =SUMIF(Government_revenues_table[Entité de l’État],Government_agencies[[#This Row],[Nom complet de l’entité]],Government_revenues_table[Valeur des revenus]) -> 5440559
B24: Direction Générale Technique des Mines (DGTM) | C24: Administration centrale | D24: Non applicable | E24: =SUMIF(Government_revenues_table[Entité de l’État],Government_agencies[[#This Row],[Nom complet de l’entité]],Government_revenues_table[Valeur des revenus]) -> 96283
B25: Direction Générale des Services de Douanes et des Droits Indirects (DGSDDI) | C25: Administration centrale | D25: Non applicable | E25: =SUMIF(Government_revenues_table[Entité de l’État],Government_agencies[[#This Row],[Nom complet de l’entité]],Government_revenues_table[Valeur des revenus]) -> 0
B26: Caisse Nationale de Prévoyance Sociale (CNPS) | C26: Administration centrale | D26: Non applicable | E26: =SUMIF(Government_revenues_table[Entité de l’État],Government_agencies[[#This Row],[Nom complet de l’entité]],Government_revenues_table[Valeur des revenus]) -> 0
B27: Autorité de Régulation du Secteur pétrolier Aval du Tchad (ARSAT) | C27: Administration centrale | D27: Non applicable | E27: =SUMIF(Government_revenues_table[Entité de l’État],Government_agencies[[#This Row],[Nom complet de l’entité]],Government_revenues_table[Valeur des revenus]) -> 0
B28: Société Nationale des Mines et de la Géologie (SONAMIG) | C28: Société publique financière et Entreprise d'Etat | D28: Non applicable | E28: =SUMIF(Government_revenues_table[Entité de l’État],Government_agencies[[#This Row],[Nom complet de l’entité]],Government_revenues_table[Valeur des revenus]) -> 0
B29: Ministère des Finances | C29: Administration centrale | D29: Non applicable | E29: =SUMIF(Government_revenues_table[Entité de l’État],Government_agencies[[#This Row],[Nom complet de l’entité]],Government_revenues_table[Valeur des revenus]) -> 0
B30: Commune de Doba | C30: Administration locale | D30: Non applicable | E30: =SUMIF(Government_revenues_table[Entité de l’État],Government_agencies[[#This Row],[Nom complet de l’entité]],Government_revenues_table[Valeur des revenus]) -> 0
B31: Commune de Koudalwa | C31: Administration locale | D31: Non applicable | E31: =SUMIF(Government_revenues_table[Entité de l’État],Government_agencies[[#This Row],[Nom complet de l’entité]],Government_revenues_table[Valeur des revenus]) -> 0
B36: Liste des entreprises déclarantes
B37: Identifiants d’entreprise
B38: Identifiant Fiscal Unique (IFU) | C38: Mini-cadastre pétrolier publié sur le site de l'ITIE Tchad, Liste des permis miniers communiquée par la DGTM | D38: http://itie-tchad.org/mini-cadastre/
B40: Nom complet de l’entreprise | C40: Type d'entreprise | D40: Identifiant de l’entreprise | E40: Secteur | F40: Matières premières (séparation par virgule) | G40: Cotation boursière ou site Internet d’entreprise | H40: Rapport financier audité (si indisponible, bilan comptable ou flux de trésorerie…) | I40: Rapport de paiements à l’État
B41: SHT | C41: Société publique financière et Entreprise d'Etat | D41: 600006476 | E41: Pétrole | F41: Pétrole | G41: https://sht-tchad.com/fr/ | H41: https://sht-tchad.com/fr/index.php/rapports-etats-financiers/rapports# | I41: =SUMIF(Table10[Entreprise],Companies[[#This Row],[Nom complet de l’entreprise]],Table10[Valeur de revenus]) -> 2023
B42: SHT PCCL | C42: Société publique financière et Entreprise d'Etat | D42: Non communiqué | E42: Pétrole | F42: Pétrole | G42: Non disponible | H42: Non disponible | I42: =SUMIF(Table10[Entreprise],Companies[[#This Row],[Nom complet de l’entreprise]],Table10[Valeur de revenus]) -> 0
B43: Esso | C43: Privée | D43: 600002755 | E43: Pétrole | F43: Pétrole | G43: https://www.boursedirect.fr/fr/marche/new-york-stock-exchange-inc/exxon-mobil-corporation-XOM-USD-XNYS/societe | H43: Non disponible | I43: =SUMIF(Table10[Entreprise],Companies[[#This Row],[Nom complet de l’entreprise]],Table10[Valeur de revenus]) -> 100752316
B44: Petronas | C44: Privée | D44: Non communiqué | E44: Pétrole | F44: Pétrole | G44: https://www.petronas.com/ | H44: Non disponible | I44: =SUMIF(Table10[Entreprise],Companies[[#This Row],[Nom complet de l’entreprise]],Table10[Valeur de revenus]) -> 163408557
B45: CNPC | C45: Privée | D45: Non communiqué | E45: Pétrole | F45: Pétrole | G45: http://www.cnpc.com.cn/en/ | H45: Non disponible | I45: =SUMIF(Table10[Entreprise],Companies[[#This Row],[Nom complet de l’entreprise]],Table10[Valeur de revenus]) -> 5706731
B46: Cliveden Petroleum | C46: Privée | D46: Non communiqué | E46: Pétrole | F46: Pétrole | G46: Non disponible | H46: Non disponible | I46: =SUMIF(Table10[Entreprise],Companies[[#This Row],[Nom complet de l’entreprise]],Table10[Valeur de revenus]) -> 0
B47: Petrochad Mangara | C47: Privée | D47: 600006939 | E47: Pétrole | F47: Pétrole | G47: https://www.glencore.com/ | H47: Non disponible | I47: =SUMIF(Table10[Entreprise],Companies[[#This Row],[Nom complet de l’entreprise]],Table10[Valeur de revenus]) -> 2305420
B48: Griffiths Energy DOH | C48: Privée | D48: 600006886 | E48: Pétrole | F48: Pétrole | G48: https://investir.lesechos.fr/cours/action-glencore-plc-ord-usd001,xlon,je00b4t3bw64,glen,tick.html | H48: Non disponible | I48: =SUMIF(Table10[Entreprise],Companies[[#This Row],[Nom complet de l’entreprise]],Table10[Valeur de revenus]) -> 2908759
B49: Griffiths Energy CHAD | C49: Privée | D49: 600006555 | E49: Pétrole | F49: Pétrole | G49: https://investir.lesechos.fr/cours/action-glencore-plc-ord-usd001,xlon,je00b4t3bw64,glen,tick.html | H49: Non disponible | I49: =SUMIF(Table10[Entreprise],Companies[[#This Row],[Nom complet de l’entreprise]],Table10[Valeur de revenus]) -> 834029
B50: Glencore Exploration (Doséo/Borogop) | C50: Privée | D50: Non communiqué | E50: Pétrole | F50: Pétrole | G50: https://investir.lesechos.fr/cours/action-glencore-plc-ord-usd001,xlon,je00b4t3bw64,glen,tick.html | H50: Non disponible | I50: =SUMIF(Table10[Entreprise],Companies[[#This Row],[Nom complet de l’entreprise]],Table10[Valeur de revenus]) -> 0
B51: Glencore Exploration (DOB/DOI) | C51: Privée | D51: Non communiqué | E51: Pétrole | F51: Pétrole | G51: https://investir.lesechos.fr/cours/action-glencore-plc-ord-usd001,xlon,je00b4t3bw64,glen,tick.html | H51: Non disponible | I51: =SUMIF(Table10[Entreprise],Companies[[#This Row],[Nom complet de l’entreprise]],Table10[Valeur de revenus]) -> 0
B52: Glencore Energy UK Limited | C52: Privée | D52: Non communiqué | E52: Pétrole | F52: Pétrole | G52: https://investir.lesechos.fr/cours/action-glencore-plc-ord-usd001,xlon,je00b4t3bw64,glen,tick.html | H52: Non disponible | I52: =SUMIF(Table10[Entreprise],Companies[[#This Row],[Nom complet de l’entreprise]],Table10[Valeur de revenus]) -> 4.9325056e+08
B53: MASHAK PETROLEUM | C53: Privée | D53: Non communiqué | E53: Pétrole | F53: Pétrole | G53: Non disponible | H53: Non disponible | I53: =SUMIF(Table10[Entreprise],Companies[[#This Row],[Nom complet de l’entreprise]],Table10[Valeur de revenus]) -> 0
B54: UHC | C54: Privée | D54: 600007082 | E54: Pétrole | F54: Pétrole | G54: Non disponible | H54: Non disponible | I54: =SUMIF(Table10[Entreprise],Companies[[#This Row],[Nom complet de l’entreprise]],Table10[Valeur de revenus]) -> 403363
B55: OPIC | C55: Privée | D55: NC | E55: Pétrole | F55: Pétrole | G55: Non disponible | H55: Non disponible | I55: =SUMIF(Table10[Entreprise],Companies[[#This Row],[Nom complet de l’entreprise]],Table10[Valeur de revenus]) -> 772174
B56: Meige International | C56: Privée | D56: NC | E56: Pétrole | F56: Pétrole | G56: Non disponible | H56: Non disponible | I56: =SUMIF(Table10[Entreprise],Companies[[#This Row],[Nom complet de l’entreprise]],Table10[Valeur de revenus]) -> 76468
B57: SOTEC | C57: Privée | D57: 600001373 | E57: Minier | F57: Exploitation des Carrières | G57: Non disponible | H57: Non disponible | I57: =SUMIF(Table10[Entreprise],Companies[[#This Row],[Nom complet de l’entreprise]],Table10[Valeur de revenus]) -> 452151
B58: SCHL | C58: Privée | D58: Non communiqué | E58: Minier | F58: GRANULAT | G58: Non disponible | H58: Non disponible | I58: =SUMIF(Table10[Entreprise],Companies[[#This Row],[Nom complet de l’entreprise]],Table10[Valeur de revenus]) -> 6176
B59: SONACIM | C59: Société publique financière et Entreprise d'Etat | D59: Non communiqué | E59: Minier | F59: Exploitation des Carrières | G59: Non disponible | H59: Non disponible | I59: =SUMIF(Table10[Entreprise],Companies[[#This Row],[Nom complet de l’entreprise]],Table10[Valeur de revenus]) -> 0
B60: TEKTON MINERAL | C60: Privée | D60: Non communiqué | E60: Minier | F60: Or | G60: Non disponible | H60: Non disponible | I60: =SUMIF(Table10[Entreprise],Companies[[#This Row],[Nom complet de l’entreprise]],Table10[Valeur de revenus]) -> 42275
B61: ABOURACHID Mining | C61: Privée | D61: Non communiqué | E61: Minier | F61: Or | G61: Non disponible | H61: Non disponible | I61: =SUMIF(Table10[Entreprise],Companies[[#This Row],[Nom complet de l’entreprise]],Table10[Valeur de revenus]) -> 9895
B62: SOGEM | C62: Privée | D62: Non communiqué | E62: Minier | F62: Or | G62: Non disponible | H62: Non disponible | I62: =SUMIF(Table10[Entreprise],Companies[[#This Row],[Nom complet de l’entreprise]],Table10[Valeur de revenus]) -> 45544
B63: DTP | C63: Privée | D63: Non communiqué | E63: Minier | F63: GRANULAT | G63: Non disponible | H63: Non disponible | I63: =SUMIF(Table10[Entreprise],Companies[[#This Row],[Nom complet de l’entreprise]],Table10[Valeur de revenus]) -> 0
B64: ETEP | C64: Privée | D64: Non communiqué | E64: Minier | F64: BTP | G64: Non disponible | H64: Non disponible | I64: =SUMIF(Table10[Entreprise],Companies[[#This Row],[Nom complet de l’entreprise]],Table10[Valeur de revenus]) -> 0
B65: Manejem Company Ltd | C65: Privée | D65: Non communiqué | E65: Minier | F65: BTP | G65: Non disponible | H65: Non disponible | I65: =SUMIF(Table10[Entreprise],Companies[[#This Row],[Nom complet de l’entreprise]],Table10[Valeur de revenus]) -> 4610
B66: ARAB CONTRACTORS | C66: Privée | D66: 600008358 | E66: Minier | F66: BTP | G66: https://www.arabcont.com/english/ | H66: Non disponible | I66: =SUMIF(Table10[Entreprise],Companies[[#This Row],[Nom complet de l’entreprise]],Table10[Valeur de revenus]) -> 0
B67: CGCOC Group | C67: Privée | D67: Non communiqué | E67: Minier | F67: BTP | G67: http://fr.cgcoc.com.cn/ | H67: Non disponible | I67: =SUMIF(Table10[Entreprise],Companies[[#This Row],[Nom complet de l’entreprise]],Table10[Valeur de revenus]) -> 462632
B68: SOGEA SATOM | C68: Privée | D68: Non communiqué | E68: Minier | F68: BTP | G68: https://www.sogea-satom.com/sogea-satom/sogea-satomv2.nsf/web/index.htm | H68: Non disponible | I68: =SUMIF(Table10[Entreprise],Companies[[#This Row],[Nom complet de l’entreprise]],Table10[Valeur de revenus]) -> 46646
B69: Chad construction Materials S.A | C69: Privée | D69: Non communiqué | E69: Minier | F69: BTP | G69: Non disponible | H69: Non disponible | I69: =SUMIF(Table10[Entreprise],Companies[[#This Row],[Nom complet de l’entreprise]],Table10[Valeur de revenus]) -> 0
B70: Société Afrique Commerce Général et Construction | C70: Privée | D70: Non communiqué | E70: Minier | F70: Or | G70: Non disponible | H70: Non disponible | I70: =SUMIF(Table10[Entreprise],Companies[[#This Row],[Nom complet de l’entreprise]],Table10[Valeur de revenus]) -> 14986
B71: Société TRANSCOM | C71: Privée | D71: Non communiqué | E71: Minier | F71: Or | G71: Non disponible | H71: Non disponible | I71: =SUMIF(Table10[Entreprise],Companies[[#This Row],[Nom complet de l’entreprise]],Table10[Valeur de revenus]) -> 14473
B72: MIREDEX | C72: Privée | D72: Non communiqué | E72: Minier | F72: Or | G72: Non disponible | H72: Non disponible | I72: =SUMIF(Table10[Entreprise],Companies[[#This Row],[Nom complet de l’entreprise]],Table10[Valeur de revenus]) -> 9833
B73: SONADEM | C73: Privée | D73: Non communiqué | E73: Minier | F73: Or | G73: Non disponible | H73: Non disponible | I73: =SUMIF(Table10[Entreprise],Companies[[#This Row],[Nom complet de l’entreprise]],Table10[Valeur de revenus]) -> 7196
B74: Société GMIA | C74: Privée | D74: Non communiqué | E74: Minier | F74: Or | G74: Non disponible | H74: Non disponible | I74: =SUMIF(Table10[Entreprise],Companies[[#This Row],[Nom complet de l’entreprise]],Table10[Valeur de revenus]) -> 6866
B75: SONAMIG | C75: Société publique financière et Entreprise d'Etat | D75: Non communiqué | E75: Minier | F75: - | G75: Non disponible | H75: Non disponible | I75: =SUMIF(Table10[Entreprise],Companies[[#This Row],[Nom complet de l’entreprise]],Table10[Valeur de revenus]) -> 0
B76: TOTCO | C76: Privée | D76: 600010746 | E76: Autres | F76: Transport pétrolier | G76: Non disponible | H76: Non disponible | I76: =SUMIF(Table10[Entreprise],Companies[[#This Row],[Nom complet de l’entreprise]],Table10[Valeur de revenus]) -> 40463702
B77: COTCO | C77: Privée | D77: M089700006137L | E77: Autres | F77: Transport pétrolier | G77: Non disponible | H77: Non disponible | I77: =SUMIF(Table10[Entreprise],Companies[[#This Row],[Nom complet de l’entreprise]],Table10[Valeur de revenus]) -> 1151588
B78: Petrochad transportation Ltd | C78: Privée | D78: 600008367 | E78: Autres | F78: Transport pétrolier | G78: https://investir.lesechos.fr/cours/action-glencore-plc-ord-usd001,xlon,je00b4t3bw64,glen,tick.html | H78: Non disponible | I78: =SUMIF(Table10[Entreprise],Companies[[#This Row],[Nom complet de l’entreprise]],Table10[Valeur de revenus]) -> 0
B79: Société de Raffinage de N’Djamena (SRN) | C79: Privée | D79: 600008474 | E79: Autres | F79: Raffinerie | G79: Non disponible | H79: Non disponible | I79: =SUMIF(Table10[Entreprise],Companies[[#This Row],[Nom complet de l’entreprise]],Table10[Valeur de revenus]) -> 189977765
B81: Liste des projets à déclarer
B82: Nom complet du projet | C82: Référence(s) de la convention juridique : contrat, licence, bail, concession,... | D82: Sociétés associées, commencer par l’Opérateur | E82: Matières premières (une matière/ligne) | F82: Statut | G82: Volume de production | H82: Unité | I82: Valeur de production | J82: Devise
B101: Pour plus d’information sur l’ITIE, visitez notre site Internet https://eiti.org/fr
B102: Vous voulez en savoir plus sur votre pays ? Vérifiez si votre pays met en œuvre la Norme ITIE en visitant https://eiti.org/fr/pays
B103: Pour la version la plus récente des modèles de données résumées, consultez https://eiti.org/fr/document/modele-donnees-resumees-itie
B104: Faites-nous connaître vos réactions ou signalez tout conflit au niveau des données ! Écrivez-nous à data@eiti.org
B106: Site Internet www.eiti.org Courriel secretariat@eiti.org Téléphone +47 22 20 08 00 Télécopieur +47 22 83 08 02
B107: Adresse EITI International Secretariat, Rådhusgata 26, 0151 Oslo, Norvège

Sheet Partie 4 - Recettes de l’État
N3: Modèle de données résumées
N4: =Introduction!G4 -> AAAA-MM-JJ
F8: Partie 4 (Recettes de l’État) Elle contient des données exhaustives sur les revenus de l’État par flux de revenu, en utilisant la classification SFP.
F9: Comment remplir cette feuille :
F10: 1. Inscrivez le nom de tous les flux de revenus de l’État pour le secteur extractif, y compris les flux inférieurs aux seuils de matérialité convenus (utiliser une ligne pour chaque flux de revenus et pour chaque entité de l’État)
F11: 2. Inscrivez le nom de l’entité de l’État percevant les revenus (sélectionnez celle-ci sur la liste déroulante) Elle y figurera parce que vous aurez déjà inscrit l’entité de l’État à la Partie 3).
F12: 3. Choisissez le Secteur et la Classification SFP auxquels ce flux de revenus s’applique. Consultez les orientations fournies dans le Cadre SFP pour le rapportage ITIE. Si un flux de revenus ne peut être désagrégé par secteur, sélectionnez « Autre ».
F13: 4. Dans la colonne Valeur des revenus inscrivez le chiffre total de chaque flux de revenus tel que divulgué par le gouvernement, qui inclut également les revenus qui n’ont pas été rapprochés.
F14: Nota : Les paiements versés par les entreprises aux gouvernements au nom de leurs employés doivent être exclus (par exemple, l’impôt sur le revenu des particuliers / impôts retenus à la source, cotisations des employés pour la sécurité sociale) car ils ne sont pas considérés comme étant des paiements par des entreprises au gouvernement.
F15: 5. Si des paiements sont recensés dans le Rapport ITIE mais ne correspondent pas aux catégories SFP, veuillez les lister dans la case ci-dessous dénommée « Informations supplémentaires ».
F16: Si vous avez des questions, veuillez contacter data@eiti.org
F18: Total des recettes de l’État provenant du secteur extractif (utilisant la classification SFP) | M18: Cadre SFP pour le rapportage ITIE
M19: Exigence ITIE 5.1.b: Classification des revenus
F20: Exigence ITIE 4.1.d: Divulgation exhaustive de la part du gouvernement
B21: GFS Niveau 1 | C21: GFS Niveau 2 | D21: GFS Niveau 3 | E21: GFS Niveau 4 | F21: Classification SFP | G21: Secteur | H21: Nom du flux de revenus | I21: Entité de l’État | J21: Valeur des revenus | K21: Devise | M21: En quoi consiste le SFP ?
B22: =IFERROR(VLOOKUP(Government_revenues_table[[#This Row],[Classification SFP]],Table6_GFS_codes_classification[],COLUMNS($F:F)+3,FALSE),"Do not enter data") -> Impôts (11E) | C22: =IFERROR(VLOOKUP(Government_revenues_table[[#This Row],[Classification SFP]],Table6_GFS_codes_classification[],COLUMNS($F:G)+3,FALSE),"Do not enter data") -> Impôts sur le revenu, le bénéfice et les plus-values | D22: =IFERROR(VLOOKUP(Government_revenues_table[[#This Row],[Classification SFP]],Table6_GFS_codes_classification[],COLUMNS($F:H)+3,FALSE),"Do not enter data") -> Impôts ordinaires sur le revenu, le bénéfice et les plus-values (1112E1) | E22: =IFERROR(VLOOKUP(Government_revenues_table[[#This Row],[Classification SFP]],Table6_GFS_codes_classification[],COLUMNS($F:I)+3,FALSE),"Do not enter data") -> Impôts ordinaires sur le revenu, le bénéfice et les plus-values (1112E1) | F22: Impôts ordinaires sur le revenu, le bénéfice et les plus-values (1112E1) | G22: Pétrole | H22: Impôt direct sur les bénéfices | I22: Direction Générale du Trésor et de la Comptabilité Publique (DGTCP) | J22: 125948874 | K22: USD | M22: SFP, sigle pour «Statistiques de Finances Publiques », est un cadre international pour la classification des flux de revenus afin de les rendre comparables d’un pays et d’une période à l’autre. Voir l’exemple de cadre complet ci-dessous. Le cadre utilisé ci-dessous a été élaboré par le FMI et le Secrétariat international de l’ITIE. Les chiffres à droite ont été spécifiquement conçus pour les entreprises du secteur extractif La lettre E dans la colonne des codes SFP signifie que ce sont les codes utilisés pour les revenus issus des entreprises extractives. Les chiffres situés à gauche de la lettre E sont les codes SFP réguliers.
B23: =IFERROR(VLOOKUP(Government_revenues_table[[#This Row],[Classification SFP]],Table6_GFS_codes_classification[],COLUMNS($F:F)+3,FALSE),"Do not enter data") -> Impôts (11E) | C23: =IFERROR(VLOOKUP(Government_revenues_table[[#This Row],[Classification SFP]],Table6_GFS_codes_classification[],COLUMNS($F:G)+3,FALSE),"Do not enter data") -> Impôts sur le revenu, le bénéfice et les plus-values | D23: =IFERROR(VLOOKUP(Government_revenues_table[[#This Row],[Classification SFP]],Table6_GFS_codes_classification[],COLUMNS($F:H)+3,FALSE),"Do not enter data") -> Impôts ordinaires sur le revenu, le bénéfice et les plus-values (1112E1) | E23: =IFERROR(VLOOKUP(Government_revenues_table[[#This Row],[Classification SFP]],Table6_GFS_codes_classification[],COLUMNS($F:I)+3,FALSE),"Do not enter data") -> Impôts ordinaires sur le revenu, le bénéfice et les plus-values (1112E1) | F23: Impôts ordinaires sur le revenu, le bénéfice et les plus-values (1112E1) | G23: Autres | H23: Impôt direct sur les bénéfices | I23: Direction Générale du Trésor et de la Comptabilité Publique (DGTCP) | J23: 2521564.2 | K23: USD
B24: =IFERROR(VLOOKUP(Government_revenues_table[[#This Row],[Classification SFP]],Table6_GFS_codes_classification[],COLUMNS($F:F)+3,FALSE),"Do not enter data") -> Impôts (11E) | C24: =IFERROR(VLOOKUP(Government_revenues_table[[#This Row],[Classification SFP]],Table6_GFS_codes_classification[],COLUMNS($F:G)+3,FALSE),"Do not enter data") -> Impôts sur le revenu, le bénéfice et les plus-values | D24: =IFERROR(VLOOKUP(Government_revenues_table[[#This Row],[Classification SFP]],Table6_GFS_codes_classification[],COLUMNS($F:H)+3,FALSE),"Do not enter data") -> Impôts ordinaires sur le revenu, le bénéfice et les plus-values (1112E1) | E24: =IFERROR(VLOOKUP(Government_revenues_table[[#This Row],[Classification SFP]],Table6_GFS_codes_classification[],COLUMNS($F:I)+3,FALSE),"Do not enter data") -> Impôts ordinaires sur le revenu, le bénéfice et les plus-values (1112E1) | F24: Impôts ordinaires sur le revenu, le bénéfice et les plus-values (1112E1) | G24: Pétrole | H24: Autres paiements significatifs | I24: Direction Générale du Trésor et de la Comptabilité Publique (DGTCP) | J24: 124974879 | K24: USD
B25: =IFERROR(VLOOKUP(Government_revenues_table[[#This Row],[Classification SFP]],Table6_GFS_codes_classification[],COLUMNS($F:F)+3,FALSE),"Do not enter data") -> Impôts (11E) | C25: =IFERROR(VLOOKUP(Government_revenues_table[[#This Row],[Classification SFP]],Table6_GFS_codes_classification[],COLUMNS($F:G)+3,FALSE),"Do not enter data") -> Impôts sur le revenu, le bénéfice et les plus-values | D25: =IFERROR(VLOOKUP(Government_revenues_table[[#This Row],[Classification SFP]],Table6_GFS_codes_classification[],COLUMNS($F:H)+3,FALSE),"Do not enter data") -> Impôts ordinaires sur le revenu, le bénéfice et les plus-values (1112E1) | E25: =IFERROR(VLOOKUP(Government_revenues_table[[#This Row],[Classification SFP]],Table6_GFS_codes_classification[],COLUMNS($F:I)+3,FALSE),"Do not enter data") -> Impôts ordinaires sur le revenu, le bénéfice et les plus-values (1112E1) | F25: Impôts ordinaires sur le revenu, le bénéfice et les plus-values (1112E1) | G25: Minier | H25: Autres paiements significatifs | I25: Direction Générale du Trésor et de la Comptabilité Publique (DGTCP) | J25: 73806 | K25: USD
B26: =IFERROR(VLOOKUP(Government_revenues_table[[#This Row],[Classification SFP]],Table6_GFS_codes_classification[],COLUMNS($F:F)+3,FALSE),"Do not enter data") -> Impôts (11E) | C26: =IFERROR(VLOOKUP(Government_revenues_table[[#This Row],[Classification SFP]],Table6_GFS_codes_classification[],COLUMNS($F:G)+3,FALSE),"Do not enter data") -> Impôts sur le revenu, le bénéfice et les plus-values | D26: =IFERROR(VLOOKUP(Government_revenues_table[[#This Row],[Classification SFP]],Table6_GFS_codes_classification[],COLUMNS($F:H)+3,FALSE),"Do not enter data") -> Impôts ordinaires sur le revenu, le bénéfice et les plus-values (1112E1) | E26: =IFERROR(VLOOKUP(Government_revenues_table[[#This Row],[Classification SFP]],Table6_GFS_codes_classification[],COLUMNS($F:I)+3,FALSE),"Do not enter data") -> Impôts ordinaires sur le revenu, le bénéfice et les plus-values (1112E1) | F26: Impôts ordinaires sur le revenu, le bénéfice et les plus-values (1112E1) | G26: Autres | H26: Autres paiements significatifs | I26: Direction Générale du Trésor et de la Comptabilité Publique (DGTCP) | J26: 8755775 | K26: USD
B27: =IFERROR(VLOOKUP(Government_revenues_table[[#This Row],[Classification SFP]],Table6_GFS_codes_classification[],COLUMNS($F:F)+3,FALSE),"Do not enter data") -> Impôts (11E) | C27: =IFERROR(VLOOKUP(Government_revenues_table[[#This Row],[Classification SFP]],Table6_GFS_codes_classification[],COLUMNS($F:G)+3,FALSE),"Do not enter data") -> Impôts sur le revenu, le bénéfice et les plus-values | D27: =IFERROR(VLOOKUP(Government_revenues_table[[#This Row],[Classification SFP]],Table6_GFS_codes_classification[],COLUMNS($F:H)+3,FALSE),"Do not enter data") -> Impôts ordinaires sur le revenu, le bénéfice et les plus-values (1112E1) | E27: =IFERROR(VLOOKUP(Government_revenues_table[[#This Row],[Classification SFP]],Table6_GFS_codes_classification[],COLUMNS($F:I)+3,FALSE),"Do not enter data") -> Impôts ordinaires sur le revenu, le bénéfice et les plus-values (1112E1) | F27: Impôts ordinaires sur le revenu, le bénéfice et les plus-values (1112E1) | G27: Sans objet | H27: Taxe foncière | I27: Direction Générale du Trésor et de la Comptabilité Publique (DGTCP) | J27: 0 | K27: USD | M27: Pour plus d’orientations, visitez la page https://eiti.org/fr/document/modele-donnees-resumees-itie
B28: =IFERROR(VLOOKUP(Government_revenues_table[[#This Row],[Classification SFP]],Table6_GFS_codes_classification[],COLUMNS($F:F)+3,FALSE),"Do not enter data") -> Impôts (11E) | C28: =IFERROR(VLOOKUP(Government_revenues_table[[#This Row],[Classification SFP]],Table6_GFS_codes_classification[],COLUMNS($F:G)+3,FALSE),"Do not enter data") -> Impôts sur le revenu, le bénéfice et les plus-values | D28: =IFERROR(VLOOKUP(Government_revenues_table[[#This Row],[Classification SFP]],Table6_GFS_codes_classification[],COLUMNS($F:H)+3,FALSE),"Do not enter data") -> Impôts ordinaires sur le revenu, le bénéfice et les plus-values (1112E1) | E28: =IFERROR(VLOOKUP(Government_revenues_table[[#This Row],[Classification SFP]],Table6_GFS_codes_classification[],COLUMNS($F:I)+3,FALSE),"Do not enter data") -> Impôts ordinaires sur le revenu, le bénéfice et les plus-values (1112E1) | F28: Impôts ordinaires sur le revenu, le bénéfice et les plus-values (1112E1) | G28: Sans objet | H28: Taxe sur cession d’actif | I28: Direction Générale du Trésor et de la Comptabilité Publique (DGTCP) | J28: 0 | K28: USD | M28: ou https://www.imf.org/external/pubs/ft/gfs/manual/pdf/2014companion/FrenchGFSM.pdf
B29: =IFERROR(VLOOKUP(Government_revenues_table[[#This Row],[Classification SFP]],Table6_GFS_codes_classification[],COLUMNS($F:F)+3,FALSE),"Do not enter data") -> Impôts (11E) | C29: =IFERROR(VLOOKUP(Government_revenues_table[[#This Row],[Classification SFP]],Table6_GFS_codes_classification[],COLUMNS($F:G)+3,FALSE),"Do not enter data") -> Impôts sur le revenu, le bénéfice et les plus-values | D29: =IFERROR(VLOOKUP(Government_revenues_table[[#This Row],[Classification SFP]],Table6_GFS_codes_classification[],COLUMNS($F:H)+3,FALSE),"Do not enter data") -> Impôts ordinaires sur le revenu, le bénéfice et les plus-values (1112E1) | E29: =IFERROR(VLOOKUP(Government_revenues_table[[#This Row],[Classification SFP]],Table6_GFS_codes_classification[],COLUMNS($F:I)+3,FALSE),"Do not enter data") -> Impôts ordinaires sur le revenu, le bénéfice et les plus-values (1112E1) | F29: Impôts ordinaires sur le revenu, le bénéfice et les plus-values (1112E1) | G29: Minier | H29: Retenue à la source (IRCM) | I29: Direction Générale du Trésor et de la Comptabilité Publique (DGTCP) | J29: 20006 | K29: USD
B30: =IFERROR(VLOOKUP(Government_revenues_table[[#This Row],[Classification SFP]],Table6_GFS_codes_classification[],COLUMNS($F:F)+3,FALSE),"Do not enter data") -> Impôts (11E) | C30: =IFERROR(VLOOKUP(Government_revenues_table[[#This Row],[Classification SFP]],Table6_GFS_codes_classification[],COLUMNS($F:G)+3,FALSE),"Do not enter data") -> Impôts sur le revenu, le bénéfice et les plus-values (111E) | D30: =IFERROR(VLOOKUP(Government_revenues_table[[#This Row],[Classification SFP]],Table6_GFS_codes_classification[],COLUMNS($F:H)+3,FALSE),"Do not enter data") -> Impôts extraordinaires sur le revenu, le bénéfice et les plus-values (1112E2) | E30: =IFERROR(VLOOKUP(Government_revenues_table[[#This Row],[Classification SFP]],Table6_GFS_codes_classification[],COLUMNS($F:I)+3,FALSE),"Do not enter data") -> Impôts extraordinaires sur le revenu, le bénéfice et les plus-values (1112E2) | F30: Impôts extraordinaires sur le revenu, le bénéfice et les plus-values (1112E2) | G30: Pétrole | H30: Redressements fiscaux | I30: Direction Générale du Trésor et de la Comptabilité Publique (DGTCP) | J30: 3619564 | K30: USD
B31: =IFERROR(VLOOKUP(Government_revenues_table[[#This Row],[Classification SFP]],Table6_GFS_codes_classification[],COLUMNS($F:F)+3,FALSE),"Do not enter data") -> Impôts (11E) | C31: =IFERROR(VLOOKUP(Government_revenues_table[[#This Row],[Classification SFP]],Table6_GFS_codes_classification[],COLUMNS($F:G)+3,FALSE),"Do not enter data") -> Impôts sur le revenu, le bénéfice et les plus-values (111E) | D31: =IFERROR(VLOOKUP(Government_revenues_table[[#This Row],[Classification SFP]],Table6_GFS_codes_classification[],COLUMNS($F:H)+3,FALSE),"Do not enter data") -> Impôts extraordinaires sur le revenu, le bénéfice et les plus-values (1112E2) | E31: =IFERROR(VLOOKUP(Government_revenues_table[[#This Row],[Classification SFP]],Table6_GFS_codes_classification[],COLUMNS($F:I)+3,FALSE),"Do not enter data") -> Impôts extraordinaires sur le revenu, le bénéfice et les plus-values (1112E2) | F31: Impôts extraordinaires sur le revenu, le bénéfice et les plus-values (1112E2) | G31: Minier | H31: Redressements fiscaux | I31: Direction Générale du Trésor et de la Comptabilité Publique (DGTCP) | J31: 29506 | K31: USD
B32: =IFERROR(VLOOKUP(Government_revenues_table[[#This Row],[Classification SFP]],Table6_GFS_codes_classification[],COLUMNS($F:F)+3,FALSE),"Do not enter data") -> Impôts (11E) | C32: =IFERROR(VLOOKUP(Government_revenues_table[[#This Row],[Classification SFP]],Table6_GFS_codes_classification[],COLUMNS($F:G)+3,FALSE),"Do not enter data") -> Impôts sur le revenu, le bénéfice et les plus-values (111E) | D32: =IFERROR(VLOOKUP(Government_revenues_table[[#This Row],[Classification SFP]],Table6_GFS_codes_classification[],COLUMNS($F:H)+3,FALSE),"Do not enter data") -> Impôts extraordinaires sur le revenu, le bénéfice et les plus-values (1112E2) | E32: =IFERROR(VLOOKUP(Government_revenues_table[[#This Row],[Classification SFP]],Table6_GFS_codes_classification[],COLUMNS($F:I)+3,FALSE),"Do not enter data") -> Impôts extraordinaires sur le revenu, le bénéfice et les plus-values (1112E2) | F32: Impôts extraordinaires sur le revenu, le bénéfice et les plus-values (1112E2) | G32: Autres | H32: Redressements fiscaux | I32: Direction Générale du Trésor et de la Comptabilité Publique (DGTCP) | J32: 509006 | K32: USD
B33: =IFERROR(VLOOKUP(Government_revenues_table[[#This Row],[Classification SFP]],Table6_GFS_codes_classification[],COLUMNS($F:F)+3,FALSE),"Do not enter data") -> Impôts (11E) | C33: =IFERROR(VLOOKUP(Government_revenues_table[[#This Row],[Classification SFP]],Table6_GFS_codes_classification[],COLUMNS($F:G)+3,FALSE),"Do not enter data") -> Impôts sur le revenu, le bénéfice et les plus-values (111E) | D33: =IFERROR(VLOOKUP(Government_revenues_table[[#This Row],[Classification SFP]],Table6_GFS_codes_classification[],COLUMNS($F:H)+3,FALSE),"Do not enter data") -> Impôts extraordinaires sur le revenu, le bénéfice et les plus-values (1112E2) | E33: =IFERROR(VLOOKUP(Government_revenues_table[[#This Row],[Classification SFP]],Table6_GFS_codes_classification[],COLUMNS($F:I)+3,FALSE),"Do not enter data") -> Impôts extraordinaires sur le revenu, le bénéfice et les plus-values (1112E2) | F33: Impôts extraordinaires sur le revenu, le bénéfice et les plus-values (1112E2) | G33: Pétrole | H33: Prélèvement sur les plus-values de cession | I33: Direction Générale du Trésor et de la Comptabilité Publique (DGTCP) | J33: 0 | K33: USD
B34: =IFERROR(VLOOKUP(Government_revenues_table[[#This Row],[Classification SFP]],Table6_GFS_codes_classification[],COLUMNS($F:F)+3,FALSE),"Do not enter data") -> Impôts (11E) | C34: =IFERROR(VLOOKUP(Government_revenues_table[[#This Row],[Classification SFP]],Table6_GFS_codes_classification[],COLUMNS($F:G)+3,FALSE),"Do not enter data") -> Impôts sur la masse salariale et la force de travail (112E) | D34: =IFERROR(VLOOKUP(Government_revenues_table[[#This Row],[Classification SFP]],Table6_GFS_codes_classification[],COLUMNS($F:H)+3,FALSE),"Do not enter data") -> Impôts sur la masse salariale et la force de travail (112E) | E34: =IFERROR(VLOOKUP(Government_revenues_table[[#This Row],[Classification SFP]],Table6_GFS_codes_classification[],COLUMNS($F:I)+3,FALSE),"Do not enter data") -> Impôts sur la masse salariale et la force de travail (112E) | F34: Impôts sur la masse salariale et la force de travail (112E) | G34: Pétrole | H34: Contribution à la formation du personnel du MPME | I34: Direction Générale Technique de Pétrole (DGTP) | J34: 4924546 | K34: USD
B35: =IFERROR(VLOOKUP(Government_revenues_table[[#This Row],[Classification SFP]],Table6_GFS_codes_classification[],COLUMNS($F:F)+3,FALSE),"Do not enter data") -> Impôts (11E) | C35: =IFERROR(VLOOKUP(Government_revenues_table[[#This Row],[Classification SFP]],Table6_GFS_codes_classification[],COLUMNS($F:G)+3,FALSE),"Do not enter data") -> Impôts sur la masse salariale et la force de travail (112E) | D35: =IFERROR(VLOOKUP(Government_revenues_table[[#This Row],[Classification SFP]],Table6_GFS_codes_classification[],COLUMNS($F:H)+3,FALSE),"Do not enter data") -> Impôts sur la masse salariale et la force de travail (112E) | E35: =IFERROR(VLOOKUP(Government_revenues_table[[#This Row],[Classification SFP]],Table6_GFS_codes_classification[],COLUMNS($F:I)+3,FALSE),"Do not enter data") -> Impôts sur la masse salariale et la force de travail (112E) | F35: Impôts sur la masse salariale et la force de travail (112E) | G35: Minier | H35: Contribution à la formation du personnel du MPME | I35: Direction Générale Technique des Mines (DGTM) | J35: 9895 | K35: USD
B36: =IFERROR(VLOOKUP(Government_revenues_table[[#This Row],[Classification SFP]],Table6_GFS_codes_classification[],COLUMNS($F:F)+3,FALSE),"Do not enter data") -> Impôts (11E) | C36: =IFERROR(VLOOKUP(Government_revenues_table[[#This Row],[Classification SFP]],Table6_GFS_codes_classification[],COLUMNS($F:G)+3,FALSE),"Do not enter data") -> Impôts sur la masse salariale et la force de travail (112E) | D36: =IFERROR(VLOOKUP(Government_revenues_table[[#This Row],[Classification SFP]],Table6_GFS_codes_classification[],COLUMNS($F:H)+3,FALSE),"Do not enter data") -> Impôts sur la masse salariale et la force de travail (112E) | E36: =IFERROR(VLOOKUP(Government_revenues_table[[#This Row],[Classification SFP]],Table6_GFS_codes_classification[],COLUMNS($F:I)+3,FALSE),"Do not enter data") -> Impôts sur la masse salariale et la force de travail (112E) | F36: Impôts sur la masse salariale et la force de travail (112E) | G36: Sans objet | H36: Taxe d'apprentissage et formation professionnelle | I36: Direction Générale du Trésor et de la Comptabilité Publique (DGTCP) | J36: 0 | K36: USD
B37: =IFERROR(VLOOKUP(Government_revenues_table[[#This Row],[Classification SFP]],Table6_GFS_codes_classification[],COLUMNS($F:F)+3,FALSE),"Do not enter data") -> Impôts (11E) | C37: =IFERROR(VLOOKUP(Government_revenues_table[[#This Row],[Classification SFP]],Table6_GFS_codes_classification[],COLUMNS($F:G)+3,FALSE),"Do not enter data") -> Impôts sur la masse salariale et la force de travail (112E) | D37: =IFERROR(VLOOKUP(Government_revenues_table[[#This Row],[Classification SFP]],Table6_GFS_codes_classification[],COLUMNS($F:H)+3,FALSE),"Do not enter data") -> Impôts sur la masse salariale et la force de travail (112E) | E37: =IFERROR(VLOOKUP(Government_revenues_table[[#This Row],[Classification SFP]],Table6_GFS_codes_classification[],COLUMNS($F:I)+3,FALSE),"Do not enter data") -> Impôts sur la masse salariale et la force de travail (112E) | F37: Impôts sur la masse salariale et la force de travail (112E) | G37: Sans objet | H37: Taxe forfaitaire | I37: Direction Générale du Trésor et de la Comptabilité Publique (DGTCP) | J37: 0 | K37: USD
B38: =IFERROR(VLOOKUP(Government_revenues_table[[#This Row],[Classification SFP]],Table6_GFS_codes_classification[],COLUMNS($F:F)+3,FALSE),"Do not enter data") -> Impôts (11E) | C38: =IFERROR(VLOOKUP(Government_revenues_table[[#This Row],[Classification SFP]],Table6_GFS_codes_classification[],COLUMNS($F:G)+3,FALSE),"Do not enter data") -> Impôts sur la propriété (113E) | D38: =IFERROR(VLOOKUP(Government_revenues_table[[#This Row],[Classification SFP]],Table6_GFS_codes_classification[],COLUMNS($F:H)+3,FALSE),"Do not enter data") -> Impôts sur la propriété (113E) | E38: =IFERROR(VLOOKUP(Government_revenues_table[[#This Row],[Classification SFP]],Table6_GFS_codes_classification[],COLUMNS($F:I)+3,FALSE),"Do not enter data") -> Impôts sur la propriété (113E) | F38: Impôts sur la propriété (113E) | G38: Pétrole | H38: Contribution de la patente | I38: Direction Générale du Trésor et de la Comptabilité Publique (DGTCP) | J38: 22 | K38: USD
B39: =IFERROR(VLOOKUP(Government_revenues_table[[#This Row],[Classification SFP]],Table6_GFS_codes_classification[],COLUMNS($F:F)+3,FALSE),"Do not enter data") -> Impôts (11E) | C39: =IFERROR(VLOOKUP(Government_revenues_table[[#This Row],[Classification SFP]],Table6_GFS_codes_classification[],COLUMNS($F:G)+3,FALSE),"Do not enter data") -> Impôts sur les biens et services (114E) | D39: =IFERROR(VLOOKUP(Government_revenues_table[[#This Row],[Classification SFP]],Table6_GFS_codes_classification[],COLUMNS($F:H)+3,FALSE),"Do not enter data") -> Impôts généraux sur les biens et services (TVA, taxes sur les ventes, taxes sur le chiffre d’affaires (1141E) | E39: =IFERROR(VLOOKUP(Government_revenues_table[[#This Row],[Classification SFP]],Table6_GFS_codes_classification[],COLUMNS($F:I)+3,FALSE),"Do not enter data") -> Impôts généraux sur les biens et services (TVA, taxes sur les ventes, taxes sur le chiffre d’affaires (1141E) | F39: Impôts généraux sur les biens et services (TVA, taxes sur les ventes, taxes sur le chiffre d’affaires)(1141E) | G39: Minier | H39: TVA | I39: Direction Générale du Trésor et de la Comptabilité Publique (DGTCP) | J39: 18119 | K39: USD
B40: =IFERROR(VLOOKUP(Government_revenues_table[[#This Row],[Classification SFP]],Table6_GFS_codes_classification[],COLUMNS($F:F)+3,FALSE),"Do not enter data") -> Impôts (11E) | C40: =IFERROR(VLOOKUP(Government_revenues_table[[#This Row],[Classification SFP]],Table6_GFS_codes_classification[],COLUMNS($F:G)+3,FALSE),"Do not enter data") -> Impôts sur les biens et services (114E) | D40: =IFERROR(VLOOKUP(Government_revenues_table[[#This Row],[Classification SFP]],Table6_GFS_codes_classification[],COLUMNS($F:H)+3,FALSE),"Do not enter data") -> Impôts généraux sur les biens et services (TVA, taxes sur les ventes, taxes sur le chiffre d’affaires (1141E) | E40: =IFERROR(VLOOKUP(Government_revenues_table[[#This Row],[Classification SFP]],Table6_GFS_codes_classification[],COLUMNS($F:I)+3,FALSE),"Do not enter data") -> Impôts généraux sur les biens et services (TVA, taxes sur les ventes, taxes sur le chiffre d’affaires (1141E) | F40: Impôts généraux sur les biens et services (TVA, taxes sur les ventes, taxes sur le chiffre d’affaires)(1141E) | G40: Minier | H40: IS libératoire | I40: Direction Générale du Trésor et de la Comptabilité Publique (DGTCP) | J40: 25076 | K40: USD
... B45: =IFERROR(VLOOKUP(Government_revenues_table[[#This Row],[Classification SFP]],Table6_GFS_codes_classification[],COLUMNS($F:F)+3,FALSE),"Do not enter data") -> Impôts (11E) | C45: =IFERROR(VLOOKUP(Government_revenues_table[[#This Row],[Classification SFP]],Table6_GFS_codes_classification[],COLUMNS($F:G)+3,FALSE),"Do not enter data") -> Impôts sur les biens et services (114E) | D45: =IFERROR(VLOOKUP(Government_revenues_table[[#This Row],[Classification SFP]],Table6_GFS_codes_classification[],COLUMNS($F:H)+3,FALSE),"Do not enter data") -> Impôts sur l’usage de biens/permission d’utiliser des biens ou d’exécuter des activités (1145E) | E45: =IFERROR(VLOOKUP(Government_revenues_table[[#This Row],[Classification SFP]],Table6_GFS_codes_classification[],COLUMNS($F:I)+3,FALSE),"Do not enter data") -> Droits de licence (114521E) | F45: Droits de licence (114521E) | G45: Sans objet | H45: Droit fixe | I45: Direction Générale du Trésor et de la Comptabilité Publique (DGTCP) | J45: 0 | K45: USD
F46: Droits de licence (114521E) | G46: Pétrole | H46: Frais de présentation du rapport annuel | I46: Direction Générale Technique de Pétrole (DGTP) | J46: 516013 | K46: USD
F47: Droits de licence (114521E) | G47: Minier | H47: Appui Institutionnel | I47: Direction Générale Technique des Mines (DGTM) | J47: 86388 | K47: USD
F48: Droits de licence (114521E) | G48: Autres | H48: Redevance ARSAT | I48: Autorité de Régulation du Secteur pétrolier Aval du Tchad (ARSAT) | J48: 0 | K48: USD
F49: Droits de licence (114521E) | G49: Pétrole | H49: Redevance superficiaire | I49: Direction Générale du Trésor et de la Comptabilité Publique (DGTCP) | J49: 115778 | K49: USD
F50: Droits de licence (114521E) | G50: Minier | H50: Redevance superficiaire | I50: Direction Générale du Trésor et de la Comptabilité Publique (DGTCP) | J50: 29182 | K50: USD
F51: Droits de licence (114521E) | G51: Pétrole | H51: Taxe d’extraction | I51: Direction Générale du Trésor et de la Comptabilité Publique (DGTCP) | J51: 145171 | K51: USD
F52: Droits de licence (114521E) | G52: Minier | H52: Taxe d’extraction | I52: Direction Générale du Trésor et de la Comptabilité Publique (DGTCP) | J52: 803891 | K52: USD
F53: Droits de licence (114521E) | G53: Pétrole | H53: Pénalité de non-exécution de contrat | I53: Direction Générale du Trésor et de la Comptabilité Publique (DGTCP) | J53: 16778901 | K53: USD
F54: Droits de licence (114521E) | G54: Minier | H54: Taxe Ad valorem | I54: Direction Générale du Trésor et de la Comptabilité Publique (DGTCP) | J54: 0 | K54: USD
F55: Droits de licence (114521E) | G55: Minier | H55: Taxe de bornage | I55: Direction Générale du Trésor et de la Comptabilité Publique (DGTCP) | J55: 0 | K55: USD
F56: Droits de licence (114521E) | G56: Minier | H56: Taxe sur les granulats | I56: Société Nationale des Mines et de la Géologie (SONAMIG) | J56: 0 | K56: USD
F57: Droits de licence (114521E) | G57: Minier | H57: Taxe sur l'orpaillage | I57: Société Nationale des Mines et de la Géologie (SONAMIG) | J57: 0 | K57: USD
... F73: Ventes de marchandises et de services par des entités de l’État (1421E) | G73: Pétrole | H73: Vente du pétrole collectés par SHT PCCL | I73: Société des Hydrocarbures du Tchad (SHT) | J73: 2.3380496e+08 | K73: USD
I76: Total en USD | J76: =SUMIF(Government_revenues_table[Devise],"USD",Government_revenues_table[Valeur des revenus])+(IFERROR(SUMIF(Government_revenues_table[Devise],"<>USD",Government_revenues_table[Valeur des revenus])/#REF!,0)) -> 1.0031367e+09
I78: ="Total en "&#REF! -> #REF! | J78: =IF(#REF!="USD",0,SUMIF(Government_revenues_table[Devise],#REF!,Government_revenues_table[Valeur des revenus]))+(IFERROR(SUMIF(Government_revenues_table[Devise],"USD",Government_revenues_table[Valeur des revenus])*#REF!,0)) -> #REF!
F82: Informations supplémentaires
F83: Ajouter ci-dessous, à titre de commentaire, toute information supplémentaire qu’il ne serait pas judicieux d’inclure dans le tableau ci-dessus.
F86: Commentaire 1 | G86: Les paiements versés par les sociétés extractives au gouvernement au nom de leurs employés doivent être exclus car ils ne sont pas considérés comme étant des paiements par des entreprises au gouvernement. Le tableau si dessous couvre les revenus exclus:
G88: Secteur | H88: Nom du flux de revenus | I88: Entité de l’État | J88: Valeur des revenus | K88: Devise
G89: Pétrole | H89: IRPP | I89: Direction Générale du Trésor et de la Comptabilité Publique (DGTCP) | J89: 854966 | K89: USD
G90: Minier | H90: IRPP | I90: Direction Générale du Trésor et de la Comptabilité Publique (DGTCP) | J90: 4818 | K90: USD
G91: Autres | H91: IRPP | I91: Direction Générale du Trésor et de la Comptabilité Publique (DGTCP) | J91: 572863 | K91: USD
G92: Total | J92: =SUM(J89:J91) -> 1432647 | K92: USD
B98: Pour plus d’information sur l’ITIE, visitez notre site Internet https://eiti.org/fr
B99: Vous voulez en savoir plus sur votre pays ? Vérifiez si votre pays met en œuvre la Norme ITIE en visitant https://eiti.org/fr/pays
B100: Pour la version la plus récente des modèles de données résumées, consultez https://eiti.org/fr/document/modele-donnees-resumees-itie
B101: Faites-nous connaître vos réactions ou signalez tout conflit au niveau des données ! Écrivez-nous à data@eiti.org
F103: Site Internet www.eiti.org Courriel secretariat@eiti.org Téléphone +47 22 20 08 00 Télécopieur +47 22 83 08 02
F104: Adresse EITI International Secretariat, Rådhusgata 26, 0151 Oslo, Norvège

Sheet Partie 5 - Données d’entreprise
K4: Modèle de données résumées
K5: =Introduction!G4 -> AAAA-MM-JJ
C9: Partie 5 (Données d’entreprise) Elle contient des données venant des entreprises - et du niveau projet - par flux de revenus. Les entreprises et projets sont indiqués sur le menu déroulant car ils ont été saisis sur la feuille 3.
C10: Comment remplir cette feuille :
C11: 1. Sélectionnez le nom de l’entreprise sur le menu déroulant
C12: 2. Sélectionnez l’entité collectrice de l’État et le nom du paiement sur le menu déroulant
C13: 3. Indiquez si le flux de paiements est (i) perçu par projet et (ii) déclaré par projet
C14: 4. Inscrivez l’information de projet : nom du projet et devise de déclaration
C15: 5. Inscrivez la valeur des revenus telle que divulguée par le gouvernement et ajoutez tout commentaire pertinent.
C16: Si vous avez des questions, veuillez contacter data@eiti.org
C18: Recettes de l’État par entreprise et projet
C20: Exigence ITIE 4.1.c: Paiements des entreprises ; Exigence ITIE 4.7: Déclaration par projet
B21: Secteur | C21: Entreprise | D21: Entité de l’État | E21: Nom du paiement | F21: Perçu par projet (O/N) | G21: Déclaré par projet (O/N) | H21: Nom du projet | I21: Devise de déclaration | J21: Valeur de revenus | K21: Paiement effectué en nature? | L21: Volume en nature (si applicable) | M21: Unité (si applicable) | N21: Commentaires
B22: =VLOOKUP(C22,Companies[],3,FALSE) -> 600006476 | C22: SHT | D22: Direction Générale du Trésor et de la Comptabilité Publique (DGTCP) | E22: Autres paiements significatifs | F22: Non | G22: Non | H22: Non applicable | I22: USD | J22: 2023 | K22: Non | L22: Non applicable | M22: Non applicable
C23: Esso | D23: Société des Hydrocarbures du Tchad (SHT) | E23: Redevance sur production collecté par la SHT | F23: Non | G23: Non | H23: Non applicable | I23: USD | J23: 0 | K23: Oui | L23: 1891395.3 | M23: barils | N23: Quotes-parts de l'Etat (Redevance sur production) dans le consortium EEPCI
C24: Esso | D24: Société des Hydrocarbures du Tchad (SHT) | E24: Profil Oil collectés par la SHT PCCL | F24: Non | G24: Non | H24: Non applicable | I24: USD | J24: 0 | K24: Oui | L24: 3000887.5 | M24: barils | N24: Quotes-parts de l'Etat (Profit Oil SHT PCCL- 25%) dans le consortium EEPCI
B25: =VLOOKUP(C25,Companies[],3,FALSE) -> 600002755 | C25: Esso | D25: Direction Générale du Trésor et de la Comptabilité Publique (DGTCP) | E25: Impôt direct sur les bénéfices | F25: Non | G25: Non | H25: Non applicable | I25: USD | J25: 22779512 | K25: Non | L25: Non applicable | M25: Non applicable
C26: Esso | D26: Direction Générale du Trésor et de la Comptabilité Publique (DGTCP) | E26: Redevance statistique à l'exportation | F26: Non | G26: Non | H26: Non applicable | I26: USD | J26: 67926 | K26: Non | L26: Non applicable | M26: Non applicable
C27: Esso | D27: Direction Générale du Trésor et de la Comptabilité Publique (DGTCP) | E27: Redevance statistique à l'importation | F27: Non | G27: Non | H27: Non applicable | I27: USD | J27: 65180 | K27: Non | L27: Non applicable | M27: Non applicable
C28: Esso | D28: Direction Générale du Trésor et de la Comptabilité Publique (DGTCP) | E28: Pénalité de non-exécution de contrat | F28: Non | G28: Non | H28: Non applicable | I28: USD | J28: 16778901 | K28: Non | L28: Non applicable | M28: Non applicable
C29: Esso | D29: Direction Générale Technique de Pétrole (DGTP) | E29: Contribution à la formation du personnel du MPME | F29: Non | G29: Non | H29: Non applicable | I29: USD | J29: 262376 | K29: Non | L29: Non applicable | M29: Non applicable
C30: Esso | D30: Direction Générale du Trésor et de la Comptabilité Publique (DGTCP) | E30: Autres paiements significatifs | F30: Non | G30: Non | H30: Non applicable | I30: USD | J30: 60798421 | K30: Non | L30: Non applicable | M30: Non applicable
C31: Petronas | D31: Direction Générale du Trésor et de la Comptabilité Publique (DGTCP) | E31: Impôt direct sur les bénéfices | F31: Non | G31: Non | H31: Non applicable | I31: USD | J31: 103169362 | K31: Non | L31: Non applicable | M31: Non applicable
C32: Petronas | D32: Direction Générale du Trésor et de la Comptabilité Publique (DGTCP) | E32: Redressements fiscaux | F32: Non | G32: Non | H32: Non applicable | I32: USD | J32: 195257 | K32: Non | L32: Non applicable | M32: Non applicable
C33: Petronas | D33: Direction Générale du Trésor et de la Comptabilité Publique (DGTCP) | E33: Autres paiements significatifs | F33: Non | G33: Non | H33: Non applicable | I33: USD | J33: 60043938 | K33: Non | L33: Non applicable | M33: Non applicable
C34: CNPC | D34: Société des Hydrocarbures du Tchad (SHT) | E34: Redevance sur production collecté par la SHT | F34: Non | G34: Non | H34: Non applicable | I34: USD | J34: 0 | K34: Oui | L34: 3543914.8 | M34: barils | N34: Quotes-parts de l'Etat (Redevance sur production) dans le consortium CNPCI
C35: CNPC | D35: Société des Hydrocarbures du Tchad (SHT) | E35: Profit Oil collecté par la SHT | F35: Non | G35: Non | H35: Non applicable | I35: USD | J35: 0 | K35: Oui | L35: 2541955.2 | M35: barils | N35: Quotes-parts de l'Etat (Profit Oil SHT- 10%) dans le consortium CNPCI
C36: CNPC | D36: Direction Générale du Trésor et de la Comptabilité Publique (DGTCP) | E36: Redressements fiscaux | F36: Non | G36: Non | H36: Non applicable | I36: USD | J36: 363551 | K36: Non | L36: Non applicable | M36: Non applicable
C37: CNPC | D37: Direction Générale du Trésor et de la Comptabilité Publique (DGTCP) | E37: Taxe d’extraction | F37: Non | G37: Non | H37: Non applicable | I37: USD | J37: 136086 | K37: Non | L37: Non applicable | M37: Non applicable
C38: CNPC | D38: Direction Générale Technique de Pétrole (DGTP) | E38: Contribution à la formation du personnel du MPME | F38: Non | G38: Non | H38: Non applicable | I38: USD | J38: 1295744 | K38: Non | L38: Non applicable | M38: Non applicable
C39: CNPC | D39: Direction Générale Technique de Pétrole (DGTP) | E39: Frais de présentation du rapport annuel | F39: Non | G39: Non | H39: Non applicable | I39: USD | J39: 72490 | K39: Non | L39: Non applicable | M39: Non applicable
C40: CNPC | D40: Direction Générale du Trésor et de la Comptabilité Publique (DGTCP) | E40: Autres paiements significatifs | F40: Non | G40: Non | H40: Non applicable | I40: USD | J40: 3838860 | K40: Non | L40: Non applicable | M40: Non applicable
C41: Petrochad Mangara | D41: Société des Hydrocarbures du Tchad (SHT) | E41: Redevance sur production collecté par la SHT | F41: Non | G41: Non | H41: Non applicable | I41: USD | J41: 0 | K41: Oui | L41: 545318.43 | M41: barils | N41: Quotes-parts de l'Etat (Redevance sur production) dans le consortium PCM
C42: Petrochad Mangara | D42: Société des Hydrocarbures du Tchad (SHT) | E42: Tax Oil collecté par la SHT | F42: Non | G42: Non | H42: Non applicable | I42: USD | J42: 0 | K42: Oui | L42: 393777.31 | M42: barils | N42: Quotes-parts de l'Etat (Tax Oil SHT) dans le consortium PCM
C43: Petrochad Mangara | D43: Société des Hydrocarbures du Tchad (SHT) | E43: Profit Oil collecté par la SHT | F43: Non | G43: Non | H43: Non applicable | I43: USD | J43: 0 | K43: Oui | L43: 88710.604 | M43: barils | N43: Quotes-parts de l'Etat (Profit Oil SHT- 15%) dans le consortium PCM
C44: Petrochad Mangara | D44: Direction Générale du Trésor et de la Comptabilité Publique (DGTCP) | E44: Redressements fiscaux | F44: Non | G44: Non | H44: Non applicable | I44: USD | J44: 458462 | K44: Non | L44: Non applicable | M44: Non applicable
C45: Petrochad Mangara | D45: Direction Générale Technique de Pétrole (DGTP) | E45: Contribution à la formation du personnel du MPME | F45: Non | G45: Non | H45: Non applicable | I45: USD | J45: 1772626 | K45: Non | L45: Non applicable | M45: Non applicable
C46: Petrochad Mangara | D46: Direction Générale Technique de Pétrole (DGTP) | E46: Frais de présentation du rapport annuel | F46: Non | G46: Non | H46: Non applicable | I46: USD | J46: 74332 | K46: Non | L46: Non applicable | M46: Non applicable
C47: Griffiths Energy DOH | D47: Direction Générale du Trésor et de la Comptabilité Publique (DGTCP) | E47: Redressements fiscaux | F47: Non | G47: Non | H47: Non applicable | I47: USD | J47: 2518581 | K47: Non | L47: Non applicable | M47: Non applicable
C48: Griffiths Energy DOH | D48: Direction Générale Technique de Pétrole (DGTP) | E48: Contribution à la formation du personnel du MPME | F48: Non | G48: Non | H48: Non applicable | I48: USD | J48: 315846 | K48: Non | L48: Non applicable | M48: Non applicable
C49: Griffiths Energy DOH | D49: Direction Générale Technique de Pétrole (DGTP) | E49: Frais de présentation du rapport annuel | F49: Non | G49: Non | H49: Non applicable | I49: USD | J49: 74332 | K49: Non | L49: Non applicable | M49: Non applicable
C50: Griffiths Energy CHAD | D50: Direction Générale Technique de Pétrole (DGTP) | E50: Contribution à la formation du personnel du MPME | F50: Non | G50: Non | H50: Non applicable | I50: USD | J50: 759697 | K50: Non | L50: Non applicable | M50: Non applicable
C51: Griffiths Energy CHAD | D51: Direction Générale Technique de Pétrole (DGTP) | E51: Frais de présentation du rapport annuel | F51: Non | G51: Non | H51: Non applicable | I51: USD | J51: 74332 | K51: Non | L51: Non applicable | M51: Non applicable
C52: Glencore Energy UK Limited | D52: Société des Hydrocarbures du Tchad (SHT) | E52: Vente du pétrole collectés par SHT | F52: Non | G52: Non | H52: Non applicable | I52: USD | J52: 2.5944559e+08 | K52: Oui | L52: 3803345 | M52: barils | N52: Ventes (export) des quotes-part huile de l'Etat collectées par SHT (redevances sur production, tax Oil, profit Oil)
C53: Glencore Energy UK Limited | D53: Société des Hydrocarbures du Tchad (SHT) | E53: Vente du pétrole collectés par SHT PCCL | F53: Non | G53: Non | H53: Non applicable | I53: USD | J53: 2.3380496e+08 | K53: Oui | L53: 3709002 | M53: barils | N53: Ventes (export) des quotes-part huile de l'Etat collectées par SHT PCCL (profit Oil SHTPCCL)
C54: UHC | D54: Direction Générale du Trésor et de la Comptabilité Publique (DGTCP) | E54: Redevance superficiaire | F54: Non | G54: Non | H54: Non applicable | I54: USD | J54: 50968 | K54: Non | L54: Non applicable | M54: Non applicable
C55: UHC | D55: Direction Générale du Trésor et de la Comptabilité Publique (DGTCP) | E55: Contribution de la patente | F55: Non | G55: Non | H55: Non applicable | I55: USD | J55: 22 | K55: Non | L55: Non applicable | M55: Non applicable
C56: UHC | D56: Direction Générale du Trésor et de la Comptabilité Publique (DGTCP) | E56: Redevance statistique à l'importation | F56: Non | G56: Non | H56: Non applicable | I56: USD | J56: 12986 | K56: Non | L56: Non applicable | M56: Non applicable
C57: UHC | D57: Direction Générale Technique de Pétrole (DGTP) | E57: Contribution à la formation du personnel du MPME | F57: Non | G57: Non | H57: Non applicable | I57: USD | J57: 267842 | K57: Non | L57: Non applicable | M57: Non applicable
C58: UHC | D58: Direction Générale Technique de Pétrole (DGTP) | E58: Frais de présentation du rapport annuel | F58: Non | G58: Non | H58: Non applicable | I58: USD | J58: 71545 | K58: Non | L58: Non applicable | M58: Non applicable
C59: OPIC | D59: Direction Générale du Trésor et de la Comptabilité Publique (DGTCP) | E59: Redevance superficiaire | F59: Non | G59: Non | H59: Non applicable | I59: USD | J59: 64810 | K59: Non | L59: Non applicable | M59: Non applicable
C60: OPIC | D60: Direction Générale du Trésor et de la Comptabilité Publique (DGTCP) | E60: Redressements fiscaux | F60: Non | G60: Non | H60: Non applicable | I60: USD | J60: 83713 | K60: Non | L60: Non applicable | M60: Non applicable
C61: OPIC | D61: Direction Générale du Trésor et de la Comptabilité Publique (DGTCP) | E61: Taxe d’extraction | F61: Non | G61: Non | H61: Non applicable | I61: USD | J61: 9085 | K61: Non | L61: Non applicable | M61: Non applicable
C62: OPIC | D62: Direction Générale Technique de Pétrole (DGTP) | E62: Contribution à la formation du personnel du MPME | F62: Non | G62: Non | H62: Non applicable | I62: USD | J62: 250415 | K62: Non | L62: Non applicable | M62: Non applicable
C63: OPIC | D63: Direction Générale Technique de Pétrole (DGTP) | E63: Frais de présentation du rapport annuel | F63: Non | G63: Non | H63: Non applicable | I63: USD | J63: 72514 | K63: Non | L63: Non applicable | M63: Non applicable
C64: OPIC | D64: Direction Générale du Trésor et de la Comptabilité Publique (DGTCP) | E64: Autres paiements significatifs | F64: Non | G64: Non | H64: Non applicable | I64: USD | J64: 291637 | K64: Non | L64: Non applicable | M64: Non applicable
C65: Meige International | D65: Direction Générale Technique de Pétrole (DGTP) | E65: Frais de présentation du rapport annuel | F65: Non | G65: Non | H65: Non applicable | I65: USD | J65: 76468 | K65: Non | L65: Non applicable | M65: Non applicable
... C98: COTCO | D98: Direction Générale du Trésor et de la Comptabilité Publique (DGTCP) | E98: Dividendes versés à l'Etat | F98: Non | G98: Non | H98: Non applicable | I98: USD | J98: 1151588 | K98: Non | L98: Non applicable | M98: Non applicable
C99: Société de Raffinage de N’Djamena (SRN) | D99: Société des Hydrocarbures du Tchad (SHT) | E99: Vente du pétrole collectés par SHT | F99: Non | G99: Non | H99: Non applicable | I99: USD | J99: 187400000 | K99: Oui | L99: 4000000 | M99: barils | N99: Ventes à la raffinerie des quotes-part huile de l'Etat collectées par SHT (redevances sur production+profit Oil CNPCI)
C100: Société de Raffinage de N’Djamena (SRN) | D100: Direction Générale du Trésor et de la Comptabilité Publique (DGTCP) | E100: Redressements fiscaux | F100: Non | G100: Non | H100: Non applicable | I100: USD | J100: 509006 | K100: Non | L100: Non applicable | M100: Non applicable
C101: Société de Raffinage de N’Djamena (SRN) | D101: Direction Générale du Trésor et de la Comptabilité Publique (DGTCP) | E101: Autres paiements significatifs | F101: Non | G101: Non | H101: Non applicable | I101: USD | J101: 2068759 | K101: Non | L101: Non applicable | M101: Non applicable
I103: Total en USD | K103: =SUMIF(Table10[Devise de déclaration],"USD",Table10[Valeur de revenus])+(IFERROR(SUMIF(Table10[Devise de déclaration],"<>USD",Table10[Valeur de revenus])/#REF!,0)) -> 1.0031367e+09
I105: ="Total en "&#REF! -> #REF! | K105: =IF(#REF!="USD",0,SUMIF(Table10[Devise de déclaration],#REF!,Table10[Valeur de revenus]))+(IFERROR(SUMIF(Table10[Devise de déclaration],"USD",Table10[Valeur de revenus])*#REF!,0)) -> #REF!
C108: Informations supplémentaires
C109: Ajouter ci-dessous, à titre de commentaire, toute information supplémentaire qu’il ne serait pas nécessaire d’inclure dans le tableau ci-dessus.
C111: Commentaire 1 | D111: Les paiements versés par les sociétés extractives au gouvernement au nom de leurs employés doivent être exclus car ils ne sont pas considérés comme étant des paiements par des entreprises au gouvernement.
C113: Entreprise | D113: Entité de l’État | E113: Nom du flux de revenus | F113: Valeur des revenus | G113: Devise
C114: SHT | D114: Direction Générale du Trésor et de la Comptabilité Publique (DGTCP) | E114: IRPP | F114: 6359 | G114: USD
C115: Esso | D115: Direction Générale du Trésor et de la Comptabilité Publique (DGTCP) | E115: IRPP | F115: 2002 | G115: USD
C116: CNPC | D116: Direction Générale du Trésor et de la Comptabilité Publique (DGTCP) | E116: IRPP | F116: 5974 | G116: USD
C117: UHC | D117: Direction Générale du Trésor et de la Comptabilité Publique (DGTCP) | E117: IRPP | F117: 840631 | G117: USD
C118: SOTEC | D118: Direction Générale du Trésor et de la Comptabilité Publique (DGTCP) | E118: IRPP | F118: 4818 | G118: USD
C119: TOTCO | D119: Direction Générale du Trésor et de la Comptabilité Publique (DGTCP) | E119: IRPP | F119: 545057 | G119: USD
C120: Société de Raffinage de N’Djamena (SRN) | D120: Direction Générale du Trésor et de la Comptabilité Publique (DGTCP) | E120: IRPP | F120: 27806 | G120: USD
C121: Total | F121: =SUM(F114:F120) -> 1432647 | G121: USD
C124: Commentaire 2 | D124: Le détail des paiements sociaux tels que déclarés par les sociétés extractives est présenté dans le tableau ci-dessous:
C126: Entreprise | D126: Nom du flux de revenus | E126: Total dépense sociale | F126: Devise
C127: Petrochad Mangara | D127: Dépenses sociales volontaires | E127: 70771 | F127: USD
C128: UHC | D128: Dépenses sociales volontaires | E128: 108437 | F128: USD
C129: Total | E129: =SUM(E127:E128) -> 179208 | F129: USD
C137: Pour plus d’information sur l’ITIE, visitez notre site Internet https://eiti.org/fr
C138: Vous voulez en savoir plus sur votre pays ? Vérifiez si votre pays met en œuvre la Norme ITIE en visitant https://eiti.org/fr/pays
C139: Pour la version la plus récente des modèles de données résumées, consultez https://eiti.org/fr/document/modele-donnees-resumees-itie
C140: Faites-nous connaître vos réactions ou signalez tout conflit au niveau des données ! Écrivez-nous à data@eiti.org
C142: Site Internet www.eiti.org Courriel secretariat@eiti.org Téléphone +47 22 20 08 00 Télécopieur +47 22 83 08 02
C143: Adresse EITI International Secretariat, Rådhusgata 26, 0151 Oslo, Norvège

Sheet Listes
A1: Tableau 1 - Codes de pays | I1: Tableau 2 - Options simples | K1: Tableau 3 - Options de déclaration | N1: Tableau 5 - Liste de matières premières | S1: Tableau 6 - Codes/Classification GFS | AA1: Tableau 7 - Secteurs | AC1: Tableau 8 - Phases de projet | AE1: Tableau 9 - Types d'agences gouvernementales
A2: Nom de pays ou région | B2: Code ISO de pays (alpha 2) | C2: Code ISO de devise (alpha 3) | D2: Code numérique ISO (UN M49) | E2: Code de devise (ISO 4217) | F2: Code numérique de devise (ISO 4217) | G2: Devise | I2: Liste | K2: Liste | N2: Code de produit HS | O2: Description de produit HS | P2: Description de produit HS av. volume | S2: Combiné | T2: Codes GFS des flux de revenus issus des entreprises extractives | U2: Code GFS | V2: GFS Niveau 1 | W2: GFS Niveau 2 | X2: GFS Niveau 3 | Y2: GFS Niveau 4 | AA2: Secteur (s) | AC2: Étapes du projet | AE2: Type d'Agence
A3: Afghanistan | B3: AF | C3: AFG | D3: 4 | E3: AFN | F3: 971 | G3: Afghani afghan | I3: <Sélectionner l’option> | K3: <Rapportage ITIE ou divulgation systématique?> | N3: 2606 | O3: Aluminium (2606) | P3: Aluminium (2606), volume | S3: Impôts ordinaires sur le revenu, le bénéfice et les plus-values (1112E1) | T3: Impôts ordinaires sur le revenu, le bénéfice et les plus-values | U3: 1112E1 | V3: Impôts (11E) | W3: Impôts sur le revenu, le bénéfice et les plus-values | X3: Impôts ordinaires sur le revenu, le bénéfice et les plus-values (1112E1) | Y3: Impôts ordinaires sur le revenu, le bénéfice et les plus-values (1112E1) | AA3: <Sélectionner le secteur> | AC3: <Sélectionner l’étape> | AE3: Administration centrale
A4: Afrique du Sud | B4: ZA | C4: ZAF | D4: 710 | E4: ZAR | F4: 710 | G4: Rand sud-africain | I4: Oui | K4: Oui, divulgation systématique | N4: 2524 | O4: Amiante (2524) | P4: Amiante (2524), volume | S4: Impôts extraordinaires sur le revenu, le bénéfice et les plus-values (1112E2) | T4: Impôts extraordinaires sur le revenu, le bénéfice et les plus-values | U4: 1112E2 | V4: Impôts (11E) | W4: Impôts sur le revenu, le bénéfice et les plus-values (111E) | X4: Impôts extraordinaires sur le revenu, le bénéfice et les plus-values (1112E2) | Y4: Impôts extraordinaires sur le revenu, le bénéfice et les plus-values (1112E2) | AA4: Pétrole | AC4: Prospection | AE4: Administration d'Etat fédéré
A5: Albanie | B5: AL | C5: ALB | D5: 8 | E5: ALL | F5: 8 | G5: Lek albanais | I5: Partiellement | K5: Oui, à travers le rapportage ITIE | N5: 2514 | O5: Ardoise (2514) | P5: Ardoise (2514), volume | S5: Impôts sur la masse salariale et la force de travail (112E) | T5: Impôts sur la masse salariale et la force de travail | U5: 112E | V5: Impôts (11E) | W5: Impôts sur la masse salariale et la force de travail (112E) | X5: Impôts sur la masse salariale et la force de travail (112E) | Y5: Impôts sur la masse salariale et la force de travail (112E) | AA5: Gaz | AC5: Production | AE5: Administration locale
A6: Algérie | B6: DZ | C6: DZA | D6: 12 | E6: DZD | F6: 12 | G6: Dinar algérien | I6: Non | K6: Sans objet. | N6: 7106 | O6: Argent (7106) | P6: Argent (7106), volume | S6: Impôts sur la propriété (113E) | T6: Impôts sur la propriété | U6: 113E | V6: Impôts (11E) | W6: Impôts sur la propriété (113E) | X6: Impôts sur la propriété (113E) | Y6: Impôts sur la propriété (113E) | AA6: Minier | AC6: Développement | AE6: Société publique financière et Entreprise d'Etat
A7: Allemagne | B7: DE | C7: DEU | D7: 276 | E7: EUR | F7: 978 | G7: Euro | I7: Sans objet | K7: Non disponible | N7: 2509 | O7: Argile (2509) | P7: Argile (2509), volume | S7: Impôts généraux sur les biens et services (TVA, taxes sur les ventes, taxes sur le chiffre d’affaires)(1141E) | T7: Impôts généraux sur les biens et services (TVA, taxes sur les ventes, taxes sur le chiffre d’affaires) | U7: 1141E | V7: Impôts (11E) | W7: Impôts sur les biens et services (114E) | X7: Impôts généraux sur les biens et services (TVA, taxes sur les ventes, taxes sur le chiffre d’affaires (1141E) | Y7: Impôts généraux sur les biens et services (TVA, taxes sur les ventes, taxes sur le chiffre d’affaires (1141E) | AA7: Sans objet | AC7: Autres | AE7: Autre
A8: Andorre | B8: AD | C8: AND | D8: 20 | E8: EUR | F8: 978 | G8: Euro | N8: 2617 | O8: Autres (2617) | P8: Autres (2617), volume | S8: Droits d’accise (1142E) | T8: Droits d’accise | U8: 1142E | V8: Impôts (11E) | W8: Impôts sur les biens et services (114E) | X8: Droits d’accise (1142E) | Y8: Droits d’accise (1142E) | AA8: Pétrole & Gaz | AC8: Sans objet
A9: Angola | B9: AO | C9: AGO | D9: 24 | E9: AOA | F9: 973 | G9: Kwanza angolais | I9: Tableau 4 - Liste des codes de devise | N9: 2508 | O9: Autres argiles (2508) | P9: Autres argiles (2508), volume | S9: Droits de licence (114521E) | T9: Droits de licence | U9: 114521E | V9: Impôts (11E) | W9: Impôts sur les biens et services (114E) | X9: Impôts sur l’usage de biens/permission d’utiliser des biens ou d’exécuter des activités (1145E) | Y9: Droits de licence (114521E) | AA9: Autres
A10: Anguilla | B10: AI | C10: AIA | D10: 660 | E10: XCD | F10: 951 | G10: Dollar des Caraïbes orientales | I10: Code de devise (ISO 4217) | J10: Code numérique de devise (ISO 4217) | K10: Devise | N10: 2621 | O10: Autres cendres et mâchefer (2621) | P10: Autres cendres et mâchefer (2621), volume | S10: Taxes sur les émissions et la pollution (114522E) | T10: Taxes sur les émissions et la pollution | U10: 114522E | V10: Impôts (11E) | W10: Impôts sur les biens et services (114E) | X10: Impôts sur l’usage de biens/permission d’utiliser des biens ou d’exécuter des activités (1145E) | Y10: Taxes sur les émissions et la pollution (114522E)
A11: Antigua et Barbuda | B11: AG | C11: ATG | D11: 28 | E11: XCD | F11: 951 | G11: Dollar des Caraïbes orientales | I11: AED | J11: 784 | K11: Dirham des émirats arabes unis | N11: 2714 | O11: Bitume et asphalte (2714) | P11: Bitume et asphalte (2714), volume | S11: Taxes sur les véhicules à moteur (11451E) | T11: Taxes sur les véhicules à moteur | U11: 11451E | V11: Impôts (11E) | W11: Impôts sur les biens et services (114E) | X11: Impôts sur l’usage de biens/permission d’utiliser des biens ou d’exécuter des activités (1145E) | Y11: Taxes sur les véhicules à moteur (11451E)
A12: Antilles néerlandaises | B12: AN | C12: ANT | D12: 530 | E12: ANG | F12: 532 | G12: Florin des Antilles néerlandaises | I12: AFN | J12: 971 | K12: Afghani afghan | N12: 2528 | O12: Borates et concentrés naturels (2528) | P12: Borates et concentrés naturels (2528), volume | S12: Droits de douane et autres droits d’importation (1151E) | T12: Droits de douane et autres droits d’importation | U12: 1151E | V12: Impôts (11E) | W12: Taxes sur le commerce et les transactions au niveau international (115E) | X12: Droits de douane et autres droits d’importation (1151E) | Y12: Droits de douane et autres droits d’importation (1151E)
A13: Arabie saoudite | B13: SA | C13: SAU | D13: 682 | E13: SAR | F13: 682 | G13: Rial saoudite | I13: ALL | J13: 8 | K13: Lek albanais | N13: 2517 | O13: Cailloux (2517) | P13: Cailloux (2517), volume | S13: Taxes sur les exportations (1152E) | T13: Taxes sur les exportations | U13: 1152E | V13: Impôts (11E) | W13: Taxes sur le commerce et les transactions au niveau international (115E) | X13: Taxes sur les exportations (1152E) | Y13: Taxes sur les exportations (1152E)
A14: Argentine | B14: AR | C14: ARG | D14: 32 | E14: ARS | F14: 32 | G14: Peso argentin | I14: AMD | J14: 51 | K14: Dram arménien | N14: 2521 | O14: Calcaire (2521) | P14: Calcaire (2521), volume | S14: Bénéfices des monopoles fiscaux sur les ressources naturelles (1153E1) | T14: Bénéfices des monopoles fiscaux sur les ressources naturelles | U14: 1153E1 | V14: Impôts (11E) | W14: Taxes sur le commerce et les transactions au niveau international (115E) | X14: Bénéfices des monopoles fiscaux sur les ressources naturelles (1153E1) | Y14: Bénéfices des monopoles fiscaux sur les ressources naturelles (1153E1)
A15: Arménie | B15: AM | C15: ARM | D15: 51 | E15: AMD | F15: 51 | G15: Dram arménien | I15: ANG | J15: 532 | K15: Florin des Antilles néerlandaises | N15: 2519 | O15: Carbonate de magnésium naturel (2519) | P15: Carbonate de magnésium naturel (2519), volume | S15: Autres impôts payés par les entreprises exploitant des ressources naturelles (116E) | T15: Autres impôts payés par les entreprises exploitant des ressources naturelles | U15: 116E | V15: Impôts (11E) | W15: Autres impôts payés par les entreprises exploitant des ressources naturelles (116E) | X15: Autres impôts payés par les entreprises exploitant des ressources naturelles (116E) | Y15: Autres impôts payés par les entreprises exploitant des ressources naturelles (116E)
A16: Aruba | B16: AW | C16: ABW | D16: 533 | E16: AWG | F16: 533 | G16: Florin d’Aruba | I16: AOA | J16: 973 | K16: Kwanza angolais | N16: 2620 | O16: Cendres et résidus (2620) | P16: Cendres et résidus (2620), volume | S16: Cotisations patronales à la sécurité sociale (1212E) | T16: Cotisations patronales à la sécurité sociale | U16: 1212E | V16: Cotisations sociales (12E) | W16: Cotisations patronales à la sécurité sociale (1212E) | X16: Cotisations patronales à la sécurité sociale (1212E) | Y16: Cotisations patronales à la sécurité sociale (1212E)
A17: Australie | B17: AU | C17: AUS | D17: 36 | E17: AUD | F17: 36 | G17: Dollar australien | I17: ARS | J17: 32 | K17: Peso argentin | N17: 2701 | O17: Charbon (2701) | P17: Charbon (2701), volume | S17: Des entreprises d’État (1412E1) | T17: Des entreprises d’État | U17: 1412E1 | V17: Autre revenu (14E) | W17: Revenu dégagé de la propriété (141E) | X17: Dividendes (1412E) | Y17: Des entreprises d’État (1412E1)
A18: Autriche | B18: AT | C18: AUT | D18: 40 | E18: EUR | F18: 978 | G18: Euro | I18: AUD | J18: 36 | K18: Dollar australien | N18: 2522 | O18: Chaux vive (2522) | P18: Chaux vive (2522), volume | S18: Provenant de la participation de l’État (1412E2) | T18: Provenant de la participation de l’État | U18: 1412E2 | V18: Autre revenu (14E) | W18: Revenu dégagé de la propriété (141E) | X18: Dividendes (1412E) | Y18: Provenant de la participation de l’État (1412E2)
A19: Azerbaïdjan | B19: AZ | C19: AZE | D19: 31 | E19: AZN | F19: 944 | G19: Manat azéri | I19: AWG | J19: 533 | K19: Florin d’Aruba | N19: 2610 | O19: Chrome (2610) | P19: Chrome (2610), volume | S19: Retraits à partir du revenu de quasi-sociétés (1413E) | T19: Retraits à partir du revenu de quasi-sociétés | U19: 1413E | V19: Autre revenu (14E) | W19: Revenu dégagé de la propriété (141E) | X19: Retraits à partir du revenu de quasi-sociétés (1413E) | Y19: Retraits à partir du revenu de quasi-sociétés (1413E)
A20: Bahamas | B20: BS | C20: BHS | D20: 44 | E20: BSD | F20: 44 | G20: Dollar bahamien | I20: AZN | J20: 944 | K20: Manat azéri | N20: 2523 | O20: Ciment Portland (2523) | P20: Ciment Portland (2523), volume | S20: Redevances (1415E1) | T20: Redevances | U20: 1415E1 | V20: Autre revenu (14E) | W20: Revenu dégagé de la propriété (141E) | X20: Loyers (1415E) | Y20: Redevances (1415E1)
A21: Bahreïn | B21: BH | C21: BHR | D21: 48 | E21: BHD | F21: 48 | G21: Dinar de Bahreïn | I21: BAM | J21: 977 | K21: Mark convertible de Bosnie-Herzégovine | N21: 2605 | O21: Cobalt (2605) | P21: Cobalt (2605), volume | S21: Primes (1415E2) | T21: Primes | U21: 1415E2 | V21: Autre revenu (14E) | W21: Revenu dégagé de la propriété (141E) | X21: Loyers (1415E) | Y21: Primes (1415E2)
A22: Bangladesh | B22: BD | C22: BGD | D22: 50 | E22: BDT | F22: 50 | G22: Taka bangladeshi | I22: BBD | J22: 52 | K22: Dollar de la Barbade | N22: 2713 | O22: Coke de pétrole (2713) | P22: Coke de pétrole (2713), volume | S22: Livré/payé directement à l’État (1415E31) | T22: Livré/payé directement à l’État | U22: 1415E31 | V22: Autre revenu (14E) | W22: Revenu dégagé de la propriété (141E) | X22: Loyers (1415E) | Y22: Droits sur la production (en nature ou en espèces)(1415E3)
... A30: Bolivie | B30: BO | C30: BOL | D30: 68 | E30: BOB | F30: 68 | G30: Boliviano bolivien | I30: BRL | J30: 986 | K30: Réal brésilien | N30: 2512 | O30: Farines siliceuses fossiles (2512) | P30: Farines siliceuses fossiles (2512), volume | S30: <Sélectionner à partir du menu> | T30: <Sélectionner à partir du menu> | U30: <Sélectionner à partir du menu> | V30: <Sélectionner à partir du menu> | W30: <Sélectionner à partir du menu> | X30: <Sélectionner à partir du menu> | Y30: <Sélectionner à partir du menu>
A31: Bosnie-Herzégovine | B31: BA | C31: BIH | D31: 70 | E31: BAM | F31: 977 | G31: Mark convertible de Bosnie-Herzégovine | I31: BSD | J31: 44 | K31: Dollar bahamien | N31: 2529 | O31: Feldspath (2529) | P31: Feldspath (2529), volume
A32: Botswana | B32: BW | C32: BWA | D32: 72 | E32: BWP | F32: 72 | G32: Pula du Botswana | I32: BTN | J32: 64 | K32: Nutum du Bhoutan | N32: 2601 | O32: Fer (2601) | P32: Fer (2601), volume
A33: Brésil | B33: BR | C33: BRA | D33: 76 | E33: BRL | F33: 986 | G33: Réal brésilien | I33: BWP | J33: 72 | K33: Pula du Botswana | N33: 2705 | O33: Gaz de charbon (2705) | P33: Gaz de charbon (2705), volume
A34: Bulgarie | B34: BG | C34: BGR | D34: 100 | E34: BGN | F34: 975 | G34: Lev bulgare (ancien) | I34: BYR | J34: 974 | K34: Rouble de Belarus | N34: 2711 | O34: Gaz naturel (2711) | P34: Gaz naturel (2711), volume
A35: Burkina Faso | B35: BF | C35: BFA | D35: 854 | E35: XOF | F35: 952 | G35: Franc CFA d’Afrique de l’Ouest | I35: BZD | J35: 84 | K35: Dollar de Belize | N35: 2712 | O35: Gelée de pétrole (2712) | P35: Gelée de pétrole (2712), volume
A36: Burundi | B36: BI | C36: BDI | D36: 108 | E36: BIF | F36: 108 | G36: Franc du Burundi | I36: CAD | J36: 124 | K36: Dollar canadien | N36: 2706 | O36: Goudron distillé à partir de charbon (2706) | P36: Goudron distillé à partir de charbon (2706), volume
A37: Cambodge | B37: KH | C37: KHM | D37: 116 | E37: KHR | F37: 116 | G37: Riel cambodgien | I37: CDF | J37: 976 | K37: Franc congolais | N37: 2516 | O37: Granite (2516) | P37: Granite (2516), volume
A38: Cameroun | B38: CM | C38: CMR | D38: 120 | E38: XAF | F38: 950 | G38: Franc CFA d’Afrique centrale | I38: CHF | J38: 756 | K38: Franc suisse | N38: 2504 | O38: Graphite naturel (2504) | P38: Graphite naturel (2504), volume
A39: Canada | B39: CA | C39: CAN | D39: 124 | E39: CAD | F39: 124 | G39: Dollar canadien | I39: CLF | J39: 990 | K39: Unidad de Fomento chilien | N39: 2520 | O39: Gypse (2520) | P39: Gypse (2520), volume
A40: Cap Vert | B40: CV | C40: CPV | D40: 132 | E40: CVE | F40: 132 | G40: Escudo cap-verdien | I40: CNH | J40: 0 | K40: Yuan renminbi chinois (off-shore) | N40: 2710 | O40: Huiles de pétrole hors pétrole brut (2710) | P40: Huiles de pétrole hors pétrole brut (2710), volume
A41: Chili | B41: CL | C41: CHL | D41: 152 | E41: CLF | F41: 990 | G41: Unidad de Fomento chilien | I41: COP | J41: 170 | K41: Peso colombien | N41: 2507 | O41: Kaolin (2507) | P41: Kaolin (2507), volume
A42: Chine | B42: CN | C42: CHN | D42: 156 | E42: CNH | F42: 0 | G42: Yuan renminbi chinois (off-shore) | I42: CRC | J42: 188 | K42: Colon costaricain | N42: 2702 | O42: Lignite (2702) | P42: Lignite (2702), volume
... A71: Géorgie | B71: GE | C71: GEO | D71: 268 | E71: GEL | F71: 981 | G71: Lari géorgien | I71: ILS | J71: 376 | K71: Nouveau shekel israélien | N71: 2612 | O71: Uranium ou thorium (2612) | P71: Uranium ou thorium (2612), volume
A72: Géorgie du Sud et les Îles Sandwich du Sud | B72: GS | C72: SGS | D72: 239 | I72: IMP | J72: 0 | K72: Livre de l’Île de Man | N72: 2608 | O72: Zinc (2608) | P72: Zinc (2608), volume
A73: Ghana | B73: GH | C73: GHA | D73: 288 | E73: GHS | F73: 936 | G73: Cedi ghanéen | I73: INR | J73: 356 | K73: Roupie indienne
A74: Gibraltar | B74: GI | C74: GIB | D74: 292 | E74: GIP | F74: 292 | G74: Livre de Gibraltar | I74: IQD | J74: 368 | K74: Dinar irakien
A75: Grèce | B75: GR | C75: GRC | D75: 300 | E75: EUR | F75: 978 | G75: Euro | I75: IRR | J75: 364 | K75: Rial iranien
A76: Grenade | B76: GD | C76: GRD | D76: 308 | E76: XCD | F76: 951 | G76: Dollar des Caraïbes orientales | I76: ISK | J76: 352 | K76: Couronne islandaise
A77: Groenland | B77: GL | C77: GRL | D77: 304 | E77: DKK | F77: 208 | G77: Couronne danoise | I77: JEP | J77: 0 | K77: Livre de Jersey
A78: Guadeloupe | B78: GP | C78: GLP | D78: 312 | E78: EUR | F78: 978 | G78: Euro | I78: JMD | J78: 388 | K78: Dollar de la Jamaïque
A79: Guam | B79: GU | C79: GUM | D79: 316 | E79: USD | F79: 840 | G79: Dollar des États-Unis | I79: JOD | J79: 400 | K79: Dinar jordanien
A80: Guatemala | B80: GT | C80: GTM | D80: 320 | E80: GTQ | F80: 320 | G80: Quetzal guatémaltèque | I80: JPY | J80: 392 | K80: Yen japonais
A81: Guernesey | B81: GG | C81: GGY | D81: 831 | E81: GGP | F81: 0 | G81: Livre | I81: KES | J81: 404 | K81: Shilling kenyan
A82: Guinée | B82: GN | C82: GIN | D82: 324 | E82: GNF | F82: 324 | G82: Franc guinéen | I82: KGS | J82: 417 | K82: Sum kirghize
A83: Guinée équatoriale | B83: GQ | C83: GNQ | D83: 226 | E83: XAF | F83: 950 | G83: Franc CFA d’Afrique centrale | I83: KHR | J83: 116 | K83: Riel cambodgien
A84: Guinée-Bissau | B84: GW | C84: GNB | D84: 624 | E84: XOF | F84: 952 | G84: Franc CFA d’Afrique de l’Ouest | I84: KMF | J84: 174 | K84: Franc comorien
... A93: Îles Féroé | B93: FO | C93: FRO | D93: 234 | E93: DKK | F93: 208 | G93: Couronne danoise | I93: LRD | J93: 430 | K93: Dollar du Libéria
A94: Îles Heard et McDonald | B94: HM | C94: HMD | D94: 334 | I94: LSL | J94: 426 | K94: Loti du Lesotho
A95: Îles Keeling | B95: CC | C95: CCK | D95: 166 | E95: AUD | F95: 36 | G95: Dollar australien | I95: LYD | J95: 434 | K95: Dinar libyen
A96: Îles Marianne septentrionales | B96: MP | C96: MNP | D96: 580 | E96: USD | F96: 840 | G96: Dollar des États-Unis | I96: MAD | J96: 504 | K96: Dirham marocain
A97: Îles Marshall | B97: MH | C97: MHL | D97: 584 | E97: USD | F97: 840 | G97: Dollar des États-Unis | I97: MDL | J97: 498 | K97: Leu moldave
A98: Îles Norfolk | B98: NF | C98: NFK | D98: 574 | I98: MGA | J98: 969 | K98: Ariary malgache
A99: Îles Salomon | B99: KY | C99: CYM | D99: 136 | E99: KYD | F99: 136 | G99: Dollar des Îles Caïman | I99: MKD | J99: 807 | K99: Denar macédonien
A100: Îles Salomon | B100: SB | C100: SLB | D100: 90 | E100: SBD | F100: 90 | G100: Dollar des Îles Salomon | I100: MMK | J100: 104 | K100: Kyat birman
A101: Îles Svalbard et Jan Mayen | B101: SJ | C101: SJM | D101: 744 | I101: MNT | J101: 496 | K101: Tugrik mongole
A102: Îles Turques et Caïques | B102: TC | C102: TCA | D102: 796 | E102: USD | F102: 840 | G102: Dollar des États-Unis | I102: MOP | J102: 446 | K102: Patca de Macao
A103: Îles Vierges britanniques | B103: VG | C103: VGB | D103: 92 | E103: USD | F103: 840 | G103: Dollar des États-Unis | I103: MRO | J103: 478 | K103: Ouguiya mauritanien
A104: Îles Vierges, États-Unis | B104: VI | C104: VIR | D104: 850 | E104: USD | F104: 840 | G104: Dollar des États-Unis | I104: MUR | J104: 480 | K104: Roupie mauricienne
A105: Îles Wallis et Futuna | B105: WF | C105: WLF | D105: 876 | I105: MVR | J105: 462 | K105: Rufiyaa des Maldives
A106: Îles Åland | B106: AX | C106: ALA | D106: 248 | E106: EUR | F106: 978 | G106: Euro | I106: MWK | J106: 454 | K106: Kwacha du Malawi
A107: Inde | B107: IN | C107: IND | D107: 356 | E107: INR | F107: 356 | G107: Roupie indienne | I107: MXN | J107: 484 | K107: Peso mexicain
A108: Indonésie | B108: ID | C108: IDN | D108: 360 | E108: IDR | F108: 360 | G108: Roupie indonésienne | I108: MYR | J108: 458 | K108: Ringgit malais
A109: Irak | B109: IQ | C109: IRQ | D109: 368 | E109: IQD | F109: 368 | G109: Dinar irakien | I109: MZN | J109: 943 | K109: Metical mozambicain
A110: Iran | B110: IR | C110: IRN | D110: 364 | E110: IRR | F110: 364 | G110: Rial iranien | I110: NAD | J110: 516 | K110: Dollar namibien
A111: Irlande | B111: IE | C111: IRL | D111: 372 | E111: EUR | F111: 978 | G111: Euro | I111: NGN | J111: 566 | K111: Naira nigérian
A112: Islande | B112: IS | C112: ISL | D112: 352 | E112: ISK | F112: 352 | G112: Couronne islandaise | I112: NIO | J112: 558 | K112: Cordoba oro nicaraguayen
A113: Israël | B113: IL | C113: ISR | D113: 376 | E113: ILS | F113: 376 | G113: Nouveau shekel israélien | I113: NOK | J113: 578 | K113: Couronne norvégienne
A114: Italie | B114: IT | C114: ITA | D114: 380 | E114: EUR | F114: 978 | G114: Euro | I114: NPR | J114: 524 | K114: Roupie népalaise
A115: Jamaïque | B115: JM | C115: JAM | D115: 388 | E115: JMD | F115: 388 | G115: Dollar de la Jamaïque | I115: NZD | J115: 554 | K115: Dollar néo-zélandais
A116: Japon | B116: JP | C116: JPN | D116: 392 | E116: JPY | F116: 392 | G116: Yen japonais | I116: OMR | J116: 512 | K116: Rial omanais
A117: Jersey | B117: JE | C117: JEY | D117: 832 | E117: JEP | F117: 0 | G117: Livre de Jersey | I117: PAB | J117: 590 | K117: Balboa panaméen
... A120: Kenya | B120: KE | C120: KEN | D120: 404 | E120: KES | F120: 404 | G120: Shilling kenyan | I120: PHP | J120: 608 | K120: Peso philippin
A121: Kiribati | B121: KI | C121: KIR | D121: 296 | I121: PKR | J121: 586 | K121: Roupie pakistanaise
A122: Kosovo | B122: XK | C122: XKX | D122: - | E122: EUR | F122: 978 | G122: Euro | I122: PLN | J122: 985 | K122: Zloty polonais
A123: Koweït | B123: KW | C123: KWT | D123: 414 | E123: KWD | F123: 414 | G123: Dinar koweitien | I123: PYG | J123: 600 | K123: Guarani paraguayen
A124: Lesotho | B124: LS | C124: LSO | D124: 426 | E124: LSL | F124: 426 | G124: Loti du Lesotho | I124: QAR | J124: 634 | K124: Riyal du Qatar
A125: Lettonie | B125: LV | C125: LVA | D125: 428 | E125: EUR | F125: 978 | G125: Euro | I125: RON | J125: 946 | K125: Leu roumain
A126: Liban | B126: LB | C126: LBN | D126: 422 | E126: LBP | F126: 422 | G126: Livre libanaise | I126: RSD | J126: 941 | K126: Dinar serbe
A127: Libéria | B127: LR | C127: LBR | D127: 430 | E127: LRD | F127: 430 | G127: Dollar du Libéria | I127: RUB | J127: 643 | K127: Rouble russe
A128: Libye | B128: LY | C128: LBY | D128: 434 | E128: LYD | F128: 434 | G128: Dinar libyen | I128: RWF | J128: 646 | K128: Franc rwandais
A129: Liechtenstein | B129: LI | C129: LIE | D129: 438 | E129: CHF | F129: 756 | G129: Franc suisse | I129: SAR | J129: 682 | K129: Rial saoudite
A130: Lituanie | B130: LT | C130: LTU | D130: 440 | E130: EUR | F130: 978 | G130: Euro | I130: SBD | J130: 90 | K130: Dollar des Îles Salomon
A131: Luxembourg | B131: LU | C131: LUX | D131: 442 | E131: EUR | F131: 978 | G131: Euro | I131: SCR | J131: 690 | K131: Roupie seychelloise
A132: Macao | B132: MO | C132: MAC | D132: 446 | E132: MOP | F132: 446 | G132: Patca de Macao | I132: SDG | J132: 938 | K132: Livre soudanaise
A133: Macédoine | B133: MK | C133: MKD | D133: 807 | E133: MKD | F133: 807 | G133: Denar macédonien | I133: SEK | J133: 752 | K133: Couronne suédoise
... A155: Namibie | B155: NA | C155: NAM | D155: 516 | E155: NAD | F155: 516 | G155: Dollar namibien | I155: USD | J155: 840 | K155: Dollar des États-Unis
A156: Nauru | B156: NR | C156: NRU | D156: 520 | I156: USD
A157: Népal | B157: NP | C157: NPL | D157: 524 | E157: NPR | F157: 524 | G157: Roupie népalaise | I157: UYU | J157: 858 | K157: Peso uruguayen
A158: Nicaragua | B158: NI | C158: NIC | D158: 558 | E158: NIO | F158: 558 | G158: Cordoba oro nicaraguayen | I158: UZS | J158: 860 | K158: Sum ouzbèque
A159: Niger | B159: NE | C159: NER | D159: 562 | E159: XOF | F159: 952 | G159: Franc CFA d’Afrique de l’Ouest | I159: VEF | J159: 937 | K159: Bolivar fuerte vénézuélien
A160: Nigeria | B160: NG | C160: NGA | D160: 566 | E160: NGN | F160: 566 | G160: Naira nigérian | I160: VND | J160: 704 | K160: Dong vietnamien
A161: Niue | B161: NU | C161: NIU | D161: 570 | I161: VUV | J161: 548 | K161: Vatu de Vanuatu
A162: Norvège | B162: NO | C162: NOR | D162: 578 | E162: NOK | F162: 578 | G162: Couronne norvégienne | I162: WST | J162: 882 | K162: Tala de Samoa
A163: Nouvelle Calédonie | B163: NC | C163: NCL | D163: 540 | I163: XAF | J163: 950 | K163: Franc CFA d’Afrique centrale
A164: Nouvelle-Zélande | B164: NZ | C164: NZL | D164: 554 | E164: NZD | F164: 554 | G164: Dollar néo-zélandaise | I164: XCD | J164: 951 | K164: Dollar des Caraïbes orientales
A165: Oman | B165: OM | C165: OMN | D165: 512 | E165: OMR | F165: 512 | G165: Rial omani | I165: XOF | J165: 952 | K165: Franc CFA d’Afrique de l’Ouest
A166: Ouganda | B166: UG | C166: UGA | D166: 800 | E166: UGX | F166: 800 | G166: Shilling ougandais | I166: YER | J166: 886 | K166: Rial yéménite
...
